 Dungeon Crawl Stone Soup version 0.31-a0-982-g1816016f30 (webtiles) character file.

Game seed: 7044091341817415432

782461 BinkBink the Axe Maniac (level 27, -3/265 (273) HPs)
             Began as a Minotaur Monk on Nov 2, 2023.
             Was the Champion of Jiyva.
             Slain by a tainted leviathan (12 damage)
             ... on level 2 of Tartarus.
             The game lasted 03:09:54 (66878 turns).

BinkBink the Axe Maniac (Minotaur Monk)            Turns: 66878, Time: 03:09:56

HP:   -3/265 (273)  AC: 53    Str: 24      XL:     27
MP:   36/36         EV: 20    Int:  0 (15) God:    Jiyva [******]
Gold: 1764          SH: 14    Dex: 15      Spells: 38/47 levels left

rFire   . . .        b - +9 broad axe (drain)
rCold   + + +        O - +3 warlock's mirror {omnireflect}
rNeg    + + +        y - +6 plate armour of Gestures {rElec rC++ Regen+}
rPois   +            (helmet restricted)
rElec   +            d - +2 cloak of the Thief {*Fog Slay-2 SInv Stlth+}
rCorr   +            Y - +3 pair of gauntlets of War {Slay+5}
SInv    +            v - +2 pair of boots of Quick Brilliance {rC+}
Will    +....        c - amulet "Juhibaif" {rElec rPois rN+ Regen+}
Stlth   +            Q - ring "Hamemm" {rElec rPois rC+ rN++ Slay-6}
HPRegen 3.84/turn    m - ring of the Tortoise {AC+8}
MPRegen 0.75/turn

%: reflection
@: lethally poisoned (-3 -> -3), mesmerised, slowed, lost intelligence, lightly
drained, unable to read, weak-willed, very slow
A: horns 2, retaliatory headbutt, iridescent scales 2, clever 2, deterioration
1, wild magic 2, acidic bite, tendrils, no potion heal 1, MP-powered wands
}: 5/15 runes: decaying, slimy, silver, abyssal, gossamer
a: Renounce Religion, Oozemancy, Slimify


You were on level 2 of Tartarus.
You worshipped Jiyva.
Jiyva was exalted by your worship.
You visited 16 branches of the dungeon, and saw 63 of its levels.
You visited the Abyss 14 times.
You also visited: Ice Cave and Wizlab.

You collected 7454 gold pieces.
You spent 5690 gold pieces at shops.

Inventory:

Hand Weapons
 b - a +9 broad axe of draining (weapon)
 E - the +11 hand axe of Disintegration {heavy, rC+ MP+9}
   (You found it on level 14 of the Dungeon)

   rC+:       It protects you from cold.
   MP+9:      It affects your magic capacity (+9).
 H - a +4 battleaxe of draining
 L - a +6 vampiric lajatang
Armour
 d - the +2 cloak of the Thief (worn) {*Fog Slay-2 SInv Stlth+}
   (You found it in a wizard's laboratory)

   *Fog:      It may release a thick cloud of smoke when the wearer is hurt.
   Slay-2:    It affects your accuracy & damage with ranged weapons and melee
   (-2).
   SInv:      It lets you see invisible.
   Stlth+:    It makes you more stealthy.
 s - +0 pearl dragon scales
 v - the +2 pair of boots of Quick Brilliance (worn) {rC+}
   (You bought it in a shop on level 2 of the Vaults)

   rC+:       It protects you from cold.
 y - the +6 plate armour of Gestures (worn) {rElec rC++ Regen+}
   (You found it on level 2 of the Vaults)

   rC++:      It greatly protects you from cold.
   rElec:     It insulates you from electricity.
   Regen+:    It increases your rate of health regeneration.
 A - the +12 chain mail of the Bagpipe {Str+4}
   (You found it on level 7 of the Dungeon)

   Str+4:     It affects your strength (+4).
 M - the +1 kite shield "Qiresuir" {Str+3}
   (You took it off Donald on level 1 of the Elven Halls)

   Str+3:     It affects your strength (+3).
 O - the +3 warlock's mirror (worn) {omnireflect}
   (You bought it in a shop on level 5 of the Vaults)

   Omnireflect: It can block and reflect piercing ranged attacks and magical
   attacks against the wielder's willpower.
 P - a +2 crystal plate armour of cold resistance
 V - +0 gold dragon scales
 Y - the +3 pair of gauntlets of War (worn) {Slay+5}
   (You bought it in a shop on level 2 of the Orcish Mines)

   Slay+5:    It affects your accuracy & damage with ranged weapons and melee
   (+5).
Jewellery
 c - the amulet "Juhibaif" (around neck) {rElec rPois rN+ Regen+}
   (You found it on level 4 of the Dungeon)

   [amulet of regeneration]

   rElec:     It insulates you from electricity.
   rPois:     It protects you from poison rN+: It protects you from negative
   energy.
   Regen+:    It increases your rate of health regeneration.
 m - the ring of the Tortoise (right hand) {AC+8}
   (You found it on level 1 of the Depths)

   [ring of protection]

   AC+8:      It affects your AC (+8).
 B - a +6 ring of strength
 F - the amulet of Lexacuna {Faith Fragile rN++}
   (You found it in a wizard's laboratory)

   [amulet of faith]

   Faith:     It allows you to gain divine favour quickly.
   rN++:      It greatly protects you from negative energy.
   Fragile:   It will be destroyed if unequipped.
 Q - the ring "Hamemm" (left hand) {rElec rPois rC+ rN++ Slay-6}
   (You found it on level 5 of the Pits of Slime)

   [ring of protection from cold]

   Slay-6:    It affects your accuracy & damage with ranged weapons and melee
   (-6).
   rC+:       It protects you from cold.
   rElec:     It insulates you from electricity.
   rPois:     It protects you from poison rN++: It greatly protects you from
   negative energy.
 Z - a ring of flight
Talismans
 X - the storm talisman "Qubreos" {Str+3 Dex+4}
   (You found it on level 1 of the Tomb of the Ancients)

   [storm talisman]

   Str+3:     It affects your strength (+3).
   Dex+4:     It affects your dexterity (+4).
Wands
 h - a wand of flame (9)
 p - a wand of polymorph (6)
 C - a wand of mindburst (3)
 N - a wand of digging (5)
Scrolls
 a - 7 scrolls of enchant weapon
 e - 16 scrolls of teleportation
 f - a scroll of silence
 g - 10 scrolls of fog
 q - 4 scrolls of enchant armour
 w - 2 scrolls of fear
 z - 4 scrolls of amnesia
 I - 7 scrolls of immolation
 J - 2 scrolls of brand weapon
 K - 3 scrolls of revelation
 S - 2 scrolls of poison
 T - a scroll of butterflies
Potions
 j - 5 potions of lignification
 k - 6 potions of ambrosia
 l - 4 potions of heal wounds
 n - 4 potions of resistance
 o - 14 potions of curing
 r - 5 potions of might
 t - 8 potions of haste
 u - 2 potions of cancellation
 x - 7 potions of brilliance
 D - 3 potions of berserk rage
 G - 2 potions of attraction
 R - 7 potions of enlightenment
 U - 3 potions of magic
 W - 3 potions of invisibility
Miscellaneous
 i - the horn of Geryon


   Skills:
 O Level 27 Fighting
 O Level 27 Axes
 O Level 27 Armour
 O Level 27 Dodging
 + Level 11.1 Stealth
 O Level 27 Shields
 + Level 10.6 Spellcasting
 - Level 5.6 Translocations
 - Level 5.9 Transmutations
 + Level 8.4 Air Magic
 - Level 8.5 Earth Magic


You had 38 spell levels left.
You knew the following spells:

 Your Spells              Type           Power      Damage    Failure   Level
a - Passwall              Tmut/Erth      0%         N/A       16%         2
b - Blink                 Tloc           0%         N/A       26%         2
c - Wereblood             Tmut           0%         N/A       24%         2
d - Swiftness             Air            0%         N/A       19%         3

Your spell library contained the following spells:

 Spells                   Type           Power      Damage    Failure   Level
 Sandblast                Erth           0%         2d4       8%          1
 Apportation              Tloc           0%         N/A       19%         1
 Poisonous Vapours        Pois/Air       0%         N/A       41%         2
 Static Discharge         Conj/Air       0%         3-3/arc   41%         2
 Airstrike                Air            0%         2d(0-16)  43%         4
 Cigotuvi's Dreadful Rot  Necr/Pois/Air  0%         N/A       56%         2
 Stone Arrow              Conj/Erth      0%         3d7       58%         3
 Petrify                  Tmut/Erth      0%         N/A       58%         4
 Vhi's Electric Charge    Tloc/Air       0%         N/A       61%         4
 Lee's Rapid Deconstruct  Erth           0%         3d4*      75%         5
 Mephitic Cloud           Conj/Pois/Air  0%         N/A       78%         3
 Volatile Blastmotes      Fire/Tloc      0%         2d10      78%         3
 Kiss of Death            Conj/Necr      0%         2d5       80%         1
 Magic Dart               Conj           0%         1d3       80%         1
 Necrotise                Necr           0%         1d4       80%         1
 Slow                     Hex            0%         N/A       80%         1
 Summon Small Mammal      Summ           0%         N/A       80%         1
 Manifold Assault         Tloc           0%         N/A       80%         4
 Call Imp                 Summ           0%         N/A       90%         2
 Ensorcelled Hibernation  Hex/Ice        0%         N/A       90%         2
 Jinxbite                 Hex            0%         N/A       90%         2
 Searing Ray              Conj           0%         2d4       90%         2
 Sublimation of Blood     Necr           0%         N/A       90%         2
 Animate Armour           Summ/Erth      0%         N/A       92%         4
 Leda's Liquefaction      Hex/Erth       0%         N/A       92%         4
 Summon Lightning Spire   Summ/Air       0%         N/A       92%         4
 Call Canine Familiar     Summ           0%         N/A       98%         3
 Confusing Touch          Hex            0%         N/A       98%         3
 Dazzling Flash           Conj/Hex       0%         N/A       98%         3
 Frozen Ramparts          Ice            0%         1d1       98%         3
 Inner Flame              Hex/Fire       0%         N/A       98%         3
 Ozocubu's Armour         Ice            0%         N/A       98%         3
 Sigil of Binding         Hex            0%         N/A       98%         3
 Vampiric Draining        Necr           0%         2d6       98%         3
 Dimensional Bullseye     Hex/Tloc       0%         N/A       98%         4
 Iskenderun's Mystic Bla  Conj/Tloc      0%         2d3       98%         4
 Arcjolt                  Conj/Air       0%         1d10      99%         5
 Silence                  Hex/Air        0%         N/A       99%         5
 Anguish                  Hex/Necr       0%         N/A       100%        4
 Dispel Undead            Necr           0%         3d6       100%        4
 Fulminant Prism          Conj/Hex       0%         3d5       100%        4
 Summon Ice Beast         Ice/Summ       0%         N/A       100%        4
 Agony                    Necr           0%         N/A       100%        5
 Freezing Cloud           Conj/Ice/Air   0%         6-21      100%        5
 Irradiate                Conj/Tmut      0%         3d11      100%        5
 Iskenderun's Battlesphe  Conj           0%         2d6       100%        5
 Metabolic Englaciation   Hex/Ice        0%         N/A       100%        5
 Summon Mana Viper        Hex/Summ       0%         N/A       100%        5
 Yara's Violent Unravell  Hex/Tmut       0%         3d3       100%        5
 Bombard                  Conj/Erth      0%         9d1       100%        6
 Plasma Beam              Fire/Air       0%         2x1d10    100%        6
 Simulacrum               Ice/Necr       0%         N/A       100%        6
 Starburst                Conj/Fire      0%         6d3       100%        6
 Summon Cactus Giant      Summ           0%         N/A       100%        6
 Enfeeble                 Hex            0%         N/A       100%        7
 Haunt                    Necr/Summ      0%         N/A       100%        7
 Malign Gateway           Summ/Tloc      0%         N/A       100%        7
 Monstrous Menagerie      Summ           0%         N/A       100%        7
 Ozocubu's Refrigeration  Ice            0%         4d7       100%        7
 Spellforged Servitor     Conj/Summ      0%         N/A       100%        7
 Summon Hydra             Summ           0%         N/A       100%        7
 Ignition                 Fire           0%         3d3       100%        8
 Lehudib's Crystal Spear  Conj/Erth      0%         10d2      100%        8
 Maxwell's Capacitive Co  Air            0%         ∞         100%        8
 Summon Horrible Things   Summ           0%         N/A       100%        8
 Chain Lightning          Conj/Air       0%         N/A       100%        9
 Dragon's Call            Summ           0%         N/A       100%        9
 Polar Vortex             Ice            0%         N/A       100%        9


Dungeon Overview and Level Annotations

Branches:
Dungeon (15/15)            Temple (1/1) D:6            Lair (5/5) D:8
  Swamp (4/4) Lair:2       Spider (4/4) Lair:2        Slime (5/5) Lair:4
    Orc (2/2) D:9             Elf (3/3) Orc:2        Vaults (5/5) D:13
  Crypt (3/3) Vaults:3       Tomb (1/3) Crypt:3      Depths (4/4) D:15
   Hell (visited)             Dis (4/7) Hell            Geh (0/7) Hell
    Coc (4/7) Hell            Tar (2/7) Hell            Zot (0/5) Depths:4
  IceCv (visited)          WizLab (visited)

Altars:
Ashenzari
Cheibriados
Dithmenos
Elyvilon
Fedhas
Gozag
Hepliaklqana
Kikubaaqudgha
Makhleb
Nemelex Xobeh
Okawaru
Qazlal
Ru
Sif Muna
Trog
Uskayaw
Vehumet
Wu Jian
Xom
Yredelemnul
Zin
The Shining One
Jiyva

Shops:
D:3 *   D:5 (:*=   Orc:2 =*[([   Vaults:1 [   Vaults:2 [[(=   Vaults:3 :
Vaults:5 [[   Depths:3 ![*

Portals:
Hell: Depths:1 Depths:2 Depths:3 Depths:4
Abyss: Depths:1 Depths:3
Pandemonium: Depths:2
Ziggurat: Depths:4

Annotations:
Slime:5 Dissolution; Royal Jelly


Innate Abilities, Weirdness & Mutations

You have a pair of horns on your head.
You reflexively headbutt those who attack you in melee.
You are mostly covered in iridescent scales. (AC +4)
Your mind is very acute. (Int +8, Str/Dex -2)
Your body sometimes deteriorates upon taking damage.
Your spells are harder to cast, but more powerful.
You have acidic saliva.
You are covered in slimy tendrils that may disarm your opponents.
Potions are less effective at restoring your health.
You expend magic power (3 MP) to strengthen your wands.


Message History

The tainted leviathan hits you but does no damage.
Your acid blob hits the Tzitzimitl!
The Tzitzimitl is splashed with acid.
The Tzitzimitl seems to be corroded for longer.
The Tzitzimitl dies!
You feel your intelligence returning.
You slice the bone dragon!! Your headbutt misses the bone dragon.
The bone dragon is moderately damaged.
You slash the tainted leviathan!
You feel sick. The reaper closely misses you.
You block the bone dragon's attack. x2
The bone dragon tramples you but does no damage.
Your acid blob hits the tainted leviathan!!
The tainted leviathan is splashed with acid.
The acid corrodes the tainted leviathan!
The tainted leviathan hits you but does no damage. x2
You barely miss the bone dragon.
You headbutt the bone dragon, but do no damage.
You bite the bone dragon, but do no damage.
The bone dragon is moderately damaged.
You hit the tainted leviathan but do no damage.
You feel sick.
Your acid blob hits the tainted leviathan!
The tainted leviathan is splashed with acid.
The tainted leviathan seems to be corroded for longer.
The reaper barely misses you. The bone dragon barely misses you.
The bone dragon misses you. You block the bone dragon's attack.
The tainted leviathan hits you but does no damage.
The tainted leviathan misses you.
You completely miss the bone dragon.
The bone dragon is moderately damaged.
You slash the tainted leviathan!
You feel sick.
Your acid blob hits the tainted leviathan.
The tainted leviathan is splashed with acid.
The tainted leviathan seems to be corroded for longer.
The reaper hits you but does no damage.
The bone dragon bites you but does no damage.
The bone dragon claws you but does no damage.
The bone dragon misses you. The tainted leviathan hits you!!
* * * LOW HITPOINT WARNING * * *
The tainted leviathan hits you!
You die...

....#......§§######
..########.§§.....##
# #####^.....#
#....(......#
..............##
..>.........###
..........2##
#§......○§J§#
######.§§C@§####
###§D§§§..#
###.§§### .....#
.......# ..#######
..# ... ...


You could see a bone dragon (ally target), a tainted leviathan (mesmerising,
corroded), a reaper and a friendly acid blob (summoned).

Vanquished Creatures
  5 dread liches
  Khufu (Crypt:3)
  3 ancient liches
  Mennas (Tomb:1)
  Mara (Swamp:4)
  The ghost of Tang the Slayer, a master DsGl of Makhleb (Vaults:2)
  A royal mummy (Crypt:3)
  Saint Roka (Vaults:1)
  The ghost of Nuciocask the Axe Maniac, a veteran MiBe of Trog (Crypt:2)
  3 shard shrikes (Coc:2)
  Xtahua (Vaults:4)
  2 curse toes (Crypt:3)
  Geryon (Hell)
  15 caustic shrikes
  7 golden dragons
  A Hellbinder (WizLab)
  3 profane servitors
  A pearl dragon (Abyss:7)
  the Enchantress (Depths:1)
  15 bone dragons
  An iron giant (Dis:3)
  Jorgrun (Spider:2)
  Arachne (Spider:2)
  2 doom hounds
  2 Tzitzimimeh
  A spectral shard shrike (Tar:1)
  8 hellephants
  A shard shrike skeleton (Abyss:5)
  9 tentacled monstrosities
  A tainted leviathan (Tar:2)
  5 Hell Sentinels
  Mlioglotl (Swamp:4)
  2 Ice Fiends
  2 walking earthen tomes
  A walking crystal tome (Abyss:5)
  2 walking divine tomes
  13 liches
  3 deep elf master archers (Elf:3)
  12 titans
  3 deep elf blademasters
  3 quicksilver dragons
  Asterion (Vaults:3)
  The ghost of Loit the Hoplite, an adept GrFi of Okawaru (Elf:2)
  11 sphinxes
  69 tentacled starspawn
  A kraken (Abyss:5)
  6 Executioners
  Agnes (Spider:4)
  15 ancient champions
  The ghost of Mihuozyi the Tortoise, an adept MiBe of Trog (Depths:3)
  7 storm dragons
  5 revenants
  The ghost of Vetyenn the Bringer of Law, an adept HOFi of Zin (Spider:3)
  Donald (Elf:1)
  6 shadow dragons
  A draconian knight (Depths:4)
  Kirke (Spider:2)
  10 tengu reavers
  6 draconian monks
  16 frost giants
  A fenstrider witch (Swamp:4)
  Aizul (Spider:1)
  Roxanne (Spider:2)
  5 deep elf sorcerers
  2 narguns
  5 fire giants
  A spectral caustic shrike (Tar:1)
  7 iron dragons
  4 balrugs
  21 vault wardens
  3 quicksilver elementals
  8 emperor scorpions
  7 ghost moths
  A shard shrike simulacrum (Coc:2)
  3 deep elf elementalists (Elf:3)
  15 ghouls
  A caustic shrike zombie (Hell)
  7 orc warlords
  8 reapers
  14 ironbound preservers
  A demonspawn blood saint (WizLab)
  A draconian shifter (Abyss:5)
  A broodmother (shapeshifter) (Abyss:6)
  7 cacodemons
  6 ironbound thunderhulks
  6 war gargoyles
  4 spriggan defenders
  2 broodmothers
  A caustic shrike skeleton (Hell)
  41 very ugly things
  4 elemental wellsprings
  A starflower (Abyss:4)
  6 vampire knights
  2 draconian annihilators (Depths:4)
  3 putrid mouths
  2 ophanim
  Nessos (Lair:4)
  8 green draconians
  8 deep elf demonologists
  4 lorocyprocas
  6 black draconians (Depths:4)
  16 stone giants
  11 dire elephants
  11 spark wasps
  3 eleionomae
  4 bennus (Tomb:1)
  11 deep elf annihilators
  5 bunyips
  8 red draconians
  10 white draconians
  A wendigo (Coc:3)
  5 purple draconians (Depths:4)
  6 eidola
  7 iron golems
  6 crystal guardians
  5 green deaths
  9 ettins
  9 mummy priests (Tomb:1)
  7 blizzard demons
  14 deep elf death magi
  7 fire dragons
  5 jiangshi
  3 merfolk impalers (Crypt:2)
  Josephine (D:10)
  2 quicksilver dragon zombies
  A spectral spriggan (Tar:2)
  A spectral fenstrider witch (Tar:1)
  5 entropy weavers
  7 deep elf high priests
  10 rakshasas
  Harold (D:10)
  An entropy weaver (shapeshifter) (D:14)
  2 merfolk javelineers (Crypt:2)
  Fannar (Orc:1)
  34 vault guards
  2 peacekeepers
  13 yaktaur captains
  20 hydras
  4 spriggan zombies
  8 ice dragons
  A spectral shadow dragon (Tar:1)
  A fenstrider witch zombie (Crypt:1)
  2 catoblepae
  2 ghost crabs
  3 hell beasts
  2 sphinx zombies
  4 spriggan air magi
  4 radroaches
  4 caustic shrike simulacra
  14 two-headed ogres
  3 juggernaut simulacra
  5 ogre magi
  3 jorogumos
  29 dancing weapons
  8 alligators
  11 centaur warriors
  A death yak (Lair:1)
  4 death knights
  9 ironbound frosthearts
  A fenstrider witch skeleton (Hell)
  6 deep troll shamans
  A satyr (Abyss:5)
  11 boulder beetles
  4 tengu warriors
  31 hell hogs
  6 deep troll earth magi
  2 spectral nagas
  4 occultists
  3 titan zombies
  8 demonic crawlers
  11 vampire magi
  129 thrashing horrors
  4 orc high priests
  17 deep elf knights
  A spriggan berserker (Depths:4)
  A storm dragon zombie (Hell)
  An azure jelly zombie (Crypt:2)
  6 soul eaters
  5 crystal echidnas
  An emperor scorpion zombie (Tomb:1)
  21 sun demons
  17 iron trolls
  A skyshark (Lair:5)
  A titan skeleton (Crypt:3)
  15 sixfirhies
  A spectral bunyip (Tar:1)
  56 wretched stars
  A spark wasp zombie (Hell)
  8 pharaoh ants
  A deep troll (shapeshifter) (D:14)
  7 orb spiders
  12 spatial maelstroms
  39 deep trolls
  A golden dragon zombie (Hell)
  7 goliath frogs
  9 flayed ghosts
  4 shadow wraiths
  An anaconda zombie (Abyss:5)
  4 death drakes
  21 skeletal warriors
  5 spriggan druids
  3 quicksilver dragon simulacra
  123 large abominations
  11 bog bodies
  7 shadow demons
  10 swamp dragons
  A shadow dragon zombie (Hell)
  3 spriggan simulacra
  11 lindwurms
  3 steelbarb worms
  7 necromancers
  13 deep elf archers
  10 phantasmal warriors
  7 arcanists
  21 ironbound convokers
  4 orange crystal statues
  5 harpies
  8 orc knights
  An anaconda skeleton (Crypt:2)
  Pikel (D:4)
  24 deep elf pyromancers
  25 deep elf zephyrmancers
  17 wolf spiders
  A mana viper (Abyss:5)
  An alligator zombie (Crypt:3)
  10 orc sorcerers
  3 worldbinders (Abyss:5)
  46 ugly things
  6 manticores
  2 frost giant zombies (Hell)
  10 cyclopes
  2 dire elephant zombies (Crypt:1)
  A fire giant zombie (Hell)
  5 guardian serpents
  9 will-o-the-wisps
  2 titan simulacra
  Maurice (D:10)
  10 black mambas
  4 moths of wrath
  A rust devil (WizLab)
  Joseph (D:9)
  39 smoke demons
  A stone giant skeleton (Abyss:3)
  An emperor scorpion simulacrum (Coc:1)
  12 apocalypse crabs
  18 vault sentinels
  15 orange demons
  A naga mage (Abyss:6)
  2 dire elephant skeletons
  A cane toad (shapeshifter) (D:15)
  3 molten gargoyles (Hell)
  7 gargoyles
  A centaur skeleton (Crypt:2)
  16 cane toads
  10 torpor snails
  The ghost of ongoing the Insei, a novice GnSh of Nemelex Xobeh (D:6)
  A rime drake (shapeshifter) (Abyss:5)
  A torpor snail (shapeshifter) (D:13)
  8 efreet
  29 rime drakes
  6 tengu conjurers
  3 bunyip simulacra
  4 unseen horrors
  9 hellions
  A steelbarb worm zombie (Crypt:3)
  A yaktaur zombie (Vaults:4)
  An unseen horror (shapeshifter) (Abyss:5)
  46 yaktaurs
  2 kobold demonologists (D:8)
  13 komodo dragons
  9 tormentors
  A red draconian skeleton (Crypt:2)
  An unseen horror zombie (Crypt:1)
  An iron giant simulacrum (Coc:1)
  12 freezing wraiths
  42 ancient zymes
  10 guardian mummies (Tomb:1)
  4 red devils
  6 ice devils
  A death drake zombie (Crypt:2)
  A spectral harpy (Tar:1)
  An anaconda simulacrum (Coc:2)
  A harpy zombie (Crypt:3)
  6 trolls
  25 hornets
  10 meliai
  A polar bear (shapeshifter) (D:13)
  A wind drake (shapeshifter) (D:13)
  21 tarantellas
  6 hellwings
  14 polar bears
  10 tyrant leeches
  15 blink frogs
  A harpy skeleton (Hell)
  A jumping spider zombie (Crypt:1)
  2 blink frogs (shapeshifter) (D:14)
  3 stone giant simulacra
  94 raiju
  An iron dragon simulacrum (Coc:1)
  3 dream sheep (Lair:3)
  A human simulacrum (Vaults:5)
  A centaur simulacrum (D:14)
  A black mamba zombie (Crypt:2)
  16 culicivoras
  An ettin skeleton (Abyss:5)
  19 jumping spiders
  3 air elementals (Elf:3)
  A spriggan (shapeshifter) (D:14)
  15 wraiths
  19 ynoxinuls
  4 dire elephant simulacra
  Sigmund (D:4)
  13 flying skulls
  An ice dragon skeleton (Crypt:3)
  6 shadows
  A naga simulacrum (Hell)
  2 vampires
  10 spriggans
  A fire dragon skeleton (Crypt:2)
  4 ushabtiu (Tomb:1)
  2 hogs (Spider:2)
  66 yaks
  5 humans (D:13)
  237 starcursed masses
  6 water elementals
  4 fire elementals
  28 neqoxecs
  13 wyverns
  6 basilisks
  12 chaos spawn
  64 redbacks
  A black mamba skeleton (Crypt:1)
  2 steam dragons
  3 alligator snapping turtle simulacra
  5 vampire mosquitoes
  5 wargs
  16 swamp worms
  A two-headed ogre zombie (Crypt:2)
  17 spatial vortices
  2 acid dragons
  9 harpy simulacra
  An ogre zombie (Vaults:5)
  3 hydra simulacra
  A naga (Abyss:6)
  A naga zombie (Hell)
  Duvessa (D:7)
  35 water moccasins
  5 hell hounds
  3 swamp drakes
  42 orc warriors
  2 naga skeletons
  3 ice beasts
  2 sky beasts
  4 black bears
  2 black mamba simulacra
  6 boggarts
  2 ettin simulacra
  10 ogres
  15 centaurs
  17 wolves
  2 lindwurm skeletons (Crypt:3)
  A lemure (D:4)
  4 kobold brigands
  A necrophage (Crypt:2)
  3 earth elementals
  13 bullfrogs
  4 gnoll sergeants
  7 scorpions
  An entropy weaver simulacrum (Vaults:4)
  6 wights
  A water moccasin skeleton (Crypt:1)
  Dowan (D:7)
  2 killer bees (D:9)
  An electric eel (Spider:4)
  3 vampire bats (D:10)
  A howler monkey (D:5)
  A basilisk zombie (Crypt:3)
  Crazy Yiuf (D:6)
  3 hounds
  29 orc priests
  A jelly (D:13)
  An iron imp (Abyss:3)
  A sleepcap (D:8)
  A bullfrog skeleton (Crypt:1)
  33 small abominations
  6 iguanas
  23 orc wizards
  6 hell rats (Lair:5)
  2 spectral hounds (Depths:3)
  2 tengu zombies
  A howler monkey zombie (Crypt:2)
  9 mummies
  Robin (D:3)
  8 gnolls (D:10)
  8 adders
  4 shadow imps
  3 white imps
  6 ufetubi
  An iguana skeleton (Crypt:1)
  6 worms
  4 dart slugs
  88 orcs
  5 ball pythons
  5 bats
  3 bat skeletons (D:10)
  2 bat zombies (D:10)
  3 endoplasms
  6 giant cockroaches
  10 goblins
  8 hobgoblins
  9 jackals
  13 kobolds
  4 quokkas
  An endoplasm zombie (Crypt:1)
  A frilled lizard (D:2)
  7 rats
  A river rat skeleton (Crypt:3)
  8 lurking horrors
  5 spectral weapons
  53 starspawn tentacles
  5 tentacles (Abyss:5)
3615 creatures vanquished.

Vanquished Creatures (collateral kills)
  A royal mummy (Tomb:1)
  A Tzitzimitl (Tar:2)
  A bone dragon (Tar:2)
  An ancient champion (Crypt:3)
  A caustic shrike skeleton (Crypt:1)
  A starcursed mass (Abyss:5)
  A fire dragon (Lair:5)
  A centaur warrior (D:13)
  A two-headed ogre (D:8)
  2 thrashing horrors
  A hell hog (Abyss:7)
  A wretched star (Abyss:7)
  A large abomination (Abyss:5)
  A phantasmal warrior (D:13)
  A worldbinder (Abyss:5)
  An apocalypse crab (Abyss:7)
  An ancient zyme (Abyss:5)
  A human (D:13)
  An orc warrior (D:8)
  A centaur (D:13)
  A howler monkey (D:8)
  An orc priest (D:8)
  A small abomination (Abyss:6)
  3 orcs (D:8)
  A starspawn tentacle (Abyss:5)
28 creatures vanquished.

Vanquished Creatures (others)
  A dread lich (Abyss:7)
  A golden dragon (Vaults:5)
  A lich (Abyss:6)
  3 tentacled starspawn
  A sphinx (shapeshifter) (Abyss:7)
  12 acid blobs
  A ghost moth (Abyss:5)
  A formless jellyfish (Vaults:4)
  An eleionoma (Swamp:3)
  A deep elf demonologist (Abyss:7)
  A blizzard demon (Abyss:6)
  11 great orbs of eyes
  A great orb of eyes (shapeshifter) (Vaults:5)
  A vault guard (D:13)
  A hydra (Swamp:4)
  A hell hog (Abyss:7)
  9 thrashing horrors
  32 glowing orange brains
  A deep elf knight (Elf:2)
  A wretched star (Abyss:7)
  A hell knight (Depths:2)
  A sixfirhy (Abyss:7)
  A skeletal warrior (D:13)
  2 deep trolls (Vaults:4)
  A quicksilver dragon simulacrum (Coc:3)
  A deep troll (shapeshifter) (Vaults:5)
  A bog body (Swamp:4)
  3 deep elf zephyrmancers
  A necromancer (Vaults:5)
  A manticore (D:14)
  7 shining eyes
  A manticore (shapeshifter) (Depths:1)
  A wolf spider (shapeshifter) (Abyss:5)
  An apocalypse crab (Abyss:7)
  A moth of wrath (shapeshifter) (Depths:2)
  4 eyes of devastation (Abyss:5)
  4 smoke demons
  A vault sentinel (Vaults:2)
  A hellion (Abyss:4)
  4 ancient zymes
  A polar bear (shapeshifter) (Vaults:5)
  A bloated husk (Swamp:1)
  A troll (D:13)
  A raiju (Abyss:7)
  A dream sheep (shapeshifter) (Vaults:5)
  A flying skull (Crypt:3)
  A shadow (D:12)
  13 slime creatures
  A jumping spider (shapeshifter) (Vaults:5)
  3 ynoxinuls
  A culicivora (Vaults:2)
  2 humans
  2 water elementals (Depths:4)
  A yak (shapeshifter) (Vaults:5)
  70 golden eyes
  A large abomination (Abyss:6)
  4 neqoxecs
  A chaos spawn (Abyss:4)
  5 spatial vortices
  A water moccasin (Lair:4)
  An orc warrior (Orc:2)
  2 hell hounds (Abyss:7)
  A wolf (Depths:3)
  A centaur (D:13)
  12 starcursed masses
  A boggart (D:14)
  2 bullfrogs
  A wight (Abyss:3)
  318 jellies
  A killer bee (D:9)
  6 small abominations
  A hound (D:5)
  An orc priest (Orc:2)
  An iron imp (Abyss:3)
  An iguana (D:6)
  A mummy (Tomb:1)
  An iguana skeleton (Crypt:3)
  A dart slug (D:3)
  11 orcs
  3 kobolds (Depths:3)
  23 foxfires
  9 lurking horrors
  129 starspawn tentacles
  2 tentacles (Abyss:5)
762 creatures vanquished.

Grand Total: 4405 creatures vanquished

Notes
Turn   | Place    | Note
-------+----------+-------------------------------------------
     0 | D:1      | BinkBink the Minotaur Monk began the quest for the Orb.
     0 | D:1      | Reached XP level 1. HP: 19/19 MP: 0/0
   209 | D:1      | Reached XP level 2. HP: 27/27 MP: 1/1
   739 | D:1      | Reached skill level 1 in Armour
   797 | D:1      | Reached XP level 3. HP: 33/33 MP: 2/2
   944 | D:2      | Identified the "Xuwul"
  1227 | D:2      | Reached XP level 4. HP: 39/41 MP: 3/3
  1403 | D:2      | Found a shimmering blue altar of Sif Muna.
  1813 | D:3      | Noticed a shining eye
  1820 | D:3      | Found Zin's Purification Station.
  1822 | D:3      | Found a glowing silver altar of Zin.
  1854 | D:3      | Noticed a shining eye
  1855 | D:3      | Found a faded altar of an unknown god.
  1858 | D:3      | Noticed a glass eye
  1858 | D:3      | Noticed an eye of devastation
  1973 | D:3      | Prayed at the altar of an unknown god.
  1973 | D:3      | Became a worshipper of Jiyva Joankeu the Shapeless
  1973 | D:3      | Reached * piety under Jiyva
  1973 | D:3      | Reached ** piety under Jiyva
  2034 | D:3      | Reached *** piety under Jiyva
  2214 | D:3      | Found an ornate altar of the Wu Jian Council.
  2382 | D:3      | Noticed Robin
  2388 | D:3      | Killed Robin
  2389 | D:3      | Reached XP level 5. HP: 47/47 MP: 4/4
  2729 | D:4      | You fall into a shaft and drop 1 floor!
  2729 | D:5      | Entered Level 5 of the Dungeon
  2821 | D:4      | Noticed Sigmund
  2830 | D:4      | Killed Sigmund
  2831 | D:4      | Reached skill level 5 in Fighting
  2831 | D:4      | Reached skill level 5 in Axes
  2831 | D:4      | Reached XP level 6. HP: 44/56 MP: 5/5
  2897 | D:4      | Gained mutation: You possess an exceptional clarity of
                  | mind. [Jiyva's grace]
  2897 | D:4      | Gained mutation: Your mind is acute. (Int +4, Str/Dex -1)
                  | [Jiyva's grace]
  2897 | D:4      | Gained mutation: Your mind is very acute. (Int +8, Str/Dex
                  | -2) [Jiyva's grace]
  2897 | D:4      | Gained mutation: Your melee attacks may engulf your foes in
                  | ooze. [Jiyva's grace]
  2914 | D:4      | Reached skill level 5 in Dodging
  2990 | D:4      | Noticed Pikel
  3011 | D:4      | Killed Pikel
  3012 | D:4      | Reached XP level 7. HP: 42/63 MP: 6/6
  3043 | D:4      | Reached **** piety under Jiyva
  3058 | D:4      | Identified the amulet "Juhibaif" {rElec rPois rN+ Regen+}
  3065 | D:4      | Reached skill level 5 in Armour
  3092 | D:4      | Found a burning altar of Makhleb.
  3157 | D:4      | Reached XP level 8. HP: 69/71 MP: 7/7
  3300 | D:4      | Found a shimmering altar of Xom.
  3612 | D:5      | Found a bloodstained altar of Trog.
  3708 | D:5      | Found Echocw's Antique Weapon Shoppe.
  4042 | D:5      | Found Nunerchi's General Store.
  4050 | D:5      | Bought a scroll of identify for 30 gold pieces
  4050 | D:5      | Bought a potion of curing for 45 gold pieces
  4050 | D:5      | Bought a potion of heal wounds for 75 gold pieces
  4066 | D:5      | Found Pocvoles's Jewellery Shop.
  4131 | D:5      | Found a white marble altar of Elyvilon.
  4149 | D:5      | Found Waofus Igij's Book Shop.
  4484 | D:6      | Found a radiant altar of Vehumet.
  4484 | D:6      | Found a hazy altar of Hepliaklqana.
  4600 | D:6      | Found a staircase to the Ecumenical Temple.
  4605 | D:6      | Reached ***** piety under Jiyva
  4732 | D:6      | Found a runed translucent door.
  4733 | D:6      | Noticed Crazy Yiuf
  4814 | D:6      | Found a runed translucent door.
  4814 | D:6      | Found a shimmering altar of Xom.
  4814 | D:6      | Noticed ongoing's ghost (novice GnSh)
  4814 | D:6      | Noticed a +1 flail of chaos
  4842 | D:6      | Reached XP level 9. HP: 81/81 MP: 8/8
  5105 | Temple   | Entered the Ecumenical Temple
  5105 | Temple   | Noticed an Executioner
  5105 | Temple   | Noticed an ice devil
  5105 | Temple   | Noticed an ice devil
  5105 | Temple   | Noticed a Tzitzimitl
  5105 | Temple   | Noticed a soul eater
  5106 | Temple   | Noticed Ohyrek Xeema the pandemonium lord
  5106 | Temple   | Noticed Wacruthro the pandemonium lord
  5106 | Temple   | Noticed a hellwing
  5108 | Temple   | Noticed a blizzard demon
  5108 | Temple   | Noticed a hell beast
  5108 | Temple   | Noticed Ylukhett the pandemonium lord
  5108 | Temple   | Noticed a red devil
  5109 | Temple   | Noticed a Brimstone Fiend
  5109 | Temple   | Noticed Zuen Cas the pandemonium lord
  5109 | Temple   | Noticed Myshroll the pandemonium lord
  5111 | Temple   | Noticed a sixfirhy
  5199 | D:7      | Lost mutation: Your mind is very acute. (Int +8, Str/Dex
                  | -2) [Jiyva's grace]
  5199 | D:7      | Gained mutation: You have acidic saliva. [Jiyva's grace]
  5199 | D:7      | Gained mutation: Your muscles are strong. (Str +4, Int/Dex
                  | -1) [Jiyva's grace]
  5199 | D:7      | Gained mutation: Your muscles are very strong. (Str +8,
                  | Int/Dex -2) [Jiyva's grace]
  5199 | D:7      | Gained mutation: Your rubbery body absorbs attacks. (AC +1,
                  | EV +1) [Jiyva's grace]
  5368 | D:7      | Found a glowing golden altar of the Shining One.
  5425 | D:7      | Noticed Duvessa
  5425 | D:7      | Noticed Dowan
  5434 | D:7      | Killed Duvessa
  5440 | D:7      | Killed Dowan
  5499 | D:7      | Identified the +12 chain mail of the Bagpipe {Str+4}
  5531 | D:7      | Found a shadowy altar of Dithmenos.
  5677 | D:7      | Noticed a cyclops
  6018 | D:8      | Found a transporter.
  6025 | D:8      | Noticed a kobold demonologist
  6027 | D:8      | Noticed an orc sorcerer
  6041 | D:8      | Found a transporter.
  6048 | D:8      | Noticed a kobold demonologist
  6063 | D:8      | Found a broken altar of Ashenzari.
  6070 | D:8      | Noticed a two-headed ogre
  6090 | D:8      | Killed a two-headed ogre
  6091 | D:8      | Reached XP level 10. HP: 67/92 MP: 9/9
  6125 | D:8      | Reached skill level 10 in Fighting
  6129 | D:8      | Reached skill level 10 in Axes
  6162 | D:8      | Found a staircase to the Lair.
  6286 | D:8      | Noticed a two-headed ogre
  6463 | D:8      | Reached ****** piety under Jiyva
  6479 | D:8      | Killed a two-headed ogre
  6739 | D:9      | Identified the "Maushrou"
  6739 | D:9      | Identified the "Afeosata"
  6739 | D:9      | Identified the "Laonnos"
  6739 | D:9      | Lost mutation: Your mind is acute. (Int +4, Str/Dex -1)
                  | [Jiyva's grace]
  6739 | D:9      | Gained mutation: You are partially covered in iridescent
                  | scales. (AC +2) [Jiyva's grace]
  6739 | D:9      | Gained mutation: You are mostly covered in iridescent
                  | scales. (AC +4) [Jiyva's grace]
  6739 | D:9      | Gained mutation: You are completely covered in iridescent
                  | scales. (AC +6) [Jiyva's grace]
  6739 | D:9      | Gained mutation: You are robust. (+10% HP) [Jiyva's grace]
  6819 | D:9      | Found a staircase to the Orcish Mines.
  6851 | D:9      | Reached skill level 10 in Armour
  6867 | D:9      | Reached XP level 11. HP: 110/111 MP: 10/10
  6929 | D:9      | Reached skill level 10 in Dodging
  7063 | D:9      | Found an opulent altar of Gozag.
  7128 | D:9      | Identified the +12 dagger of Higakhlo {venom, +Blink rF+
                  | rN+}
  7178 | D:9      | Noticed a deep elf pyromancer
  7183 | D:9      | Killed a deep elf pyromancer
  7191 | D:9      | Found the +9 staff of Olgreb {rPois∞}
  7223 | D:9      | Noticed a centaur warrior
  7227 | D:9      | Killed a centaur warrior
  7255 | D:9      | Noticed a purple ugly thing
  7260 | D:9      | Killed a purple ugly thing
  7265 | D:9      | Noticed a purple ugly thing
  7269 | D:9      | Killed a purple ugly thing
  7364 | D:9      | Noticed Joseph
  7369 | D:9      | Found a hide-covered altar of Uskayaw.
  7375 | D:9      | Killed Joseph
  7591 | D:9      | Found a shimmering blue altar of Sif Muna.
  7720 | D:9      | Identified a scroll of acquirement
  7720 | D:9      | Acquired a +5 broad axe of draining
  7750 | D:10     | Entered Level 10 of the Dungeon
  7922 | D:10     | Reached skill level 1 in Shields
  8022 | D:10     | Found an ancient bone altar of Kikubaaqudgha.
  8024 | D:10     | Noticed Maurice
  8027 | D:10     | Killed Maurice
  8057 | D:10     | Noticed Josephine
  8062 | D:10     | Killed Josephine
  8167 | D:10     | Lost mutation: You possess an exceptional clarity of mind.
                  | [Jiyva's grace]
  8167 | D:10     | Lost mutation: You are robust. (+10% HP) [Jiyva's grace]
  8167 | D:10     | Lost mutation: Your rubbery body absorbs attacks. (AC +1,
                  | EV +1) [Jiyva's grace]
  8167 | D:10     | Gained mutation: Your body has grown eyes which may confuse
                  | attackers. (Acc +3) [Jiyva's grace]
  8167 | D:10     | Gained mutation: Your body has grown many eyes which may
                  | confuse attackers. (Acc +5) [Jiyva's grace]
  8167 | D:10     | Gained mutation: Your body is covered in eyes which may
                  | confuse attackers. (Acc +7, SInv) [Jiyva's grace]
  8167 | D:10     | Gained mutation: You have a small jelly attached to you
                  | that senses nearby items. [Jiyva's grace]
  8170 | D:10     | Noticed Harold
  8178 | D:10     | Killed Harold
  8195 | D:10     | Found a blossoming altar of Fedhas.
  8241 | D:10     | Reached XP level 12. HP: 112/112 MP: 11/11
  8985 | D:11     | Noticed a two-headed ogre
  8992 | D:11     | Killed a two-headed ogre
  9141 | D:12     | Noticed a two-headed ogre
  9148 | D:12     | Killed a two-headed ogre
  9149 | D:12     | Reached skill level 5 in Shields
  9385 | D:12     | Noticed a boulder beetle
  9392 | D:12     | Killed a boulder beetle
  9399 | D:12     | Noticed a two-headed ogre
  9404 | D:12     | Killed a two-headed ogre
  9662 | D:13     | Identified the of Leuboke
  9662 | Lair:1   | Entered Level 1 of the Lair of Beasts
  9677 | Lair:1   | Lost mutation: Your muscles are very strong. (Str +8,
                  | Int/Dex -2) [Jiyva's grace]
  9677 | Lair:1   | Lost mutation: Your body is covered in eyes which may
                  | confuse attackers. (Acc +7, SInv) [Jiyva's grace]
  9677 | Lair:1   | Lost mutation: Your body has grown many eyes which may
                  | confuse attackers. (Acc +5) [Jiyva's grace]
  9677 | Lair:1   | Gained mutation: Your spells are a little harder to cast,
                  | but a little more powerful. [Jiyva's grace]
  9677 | Lair:1   | Gained mutation: Your spells are harder to cast, but more
                  | powerful. [Jiyva's grace]
  9677 | Lair:1   | Gained mutation: Your spells are much harder to cast, but
                  | much more powerful. [Jiyva's grace]
  9677 | Lair:1   | Gained mutation: You expend magic power (3 MP) to
                  | strengthen your wands. [Jiyva's grace]
  9727 | Lair:1   | Noticed a death yak
  9741 | Lair:1   | Killed a death yak
  9849 | Lair:1   | Reached XP level 13. HP: 122/122 MP: 12/12
 10243 | Lair:2   | Found a hole to the Spider Nest.
 10262 | Lair:2   | Found a staircase to the Swamp.
 10530 | Lair:2   | You fall into a shaft and drop 1 floor!
 11522 | Lair:2   | Identified the granite talisman of Daisies {Str+3 Stlth+}
 11898 | Lair:4   | Lost mutation: Your spells are much harder to cast, but
                  | much more powerful. [Jiyva's grace]
 11898 | Lair:4   | Lost mutation: Your spells are harder to cast, but more
                  | powerful. [Jiyva's grace]
 11898 | Lair:4   | Lost mutation: You have a small jelly attached to you that
                  | senses nearby items. [Jiyva's grace]
 11898 | Lair:4   | Gained mutation: You are covered in slimy tendrils that may
                  | disarm your opponents. [Jiyva's grace]
 11898 | Lair:4   | Gained mutation: You are agile. (Dex +4, Str/Int -1)
                  | [Jiyva's grace]
 11898 | Lair:4   | Gained mutation: You are very agile. (Dex +8, Str/Int -2)
                  | [Jiyva's grace]
 11898 | Lair:4   | Gained mutation: Your body has grown many eyes which may
                  | confuse attackers. (Acc +5) [Jiyva's grace]
 12008 | Lair:4   | Found a staircase to the Slime Pits.
 12008 | Lair:4   | Found a viscous altar of Jiyva.
 12462 | Lair:4   | Noticed Nessos
 12476 | Lair:4   | Killed Nessos
 12536 | Lair:4   | Reached XP level 14. HP: 133/133 MP: 13/13
 12549 | Lair:4   | Identified the staff of Zuffywasue {Drain rPois rN+++ Dex+2
                  | SInv Poison}
 12683 | WizLab   | Identified the of Uthruor
 12683 | WizLab   | Identified the "Syreagg"
 12683 | Vaults:5 | Identified the "Fuh Heli"
 12683 | Elf:1    | Identified the of Isoxal
 12683 | Elf:1    | Identified the of Byck
 12683 | Elf:1    | Identified the of Ipryqacs
 12683 | Elf:1    | Identified the of Bolon
 12683 | Elf:1    | Identified the "Jieso"
 12683 | Elf:1    | Identified the "Deqaav"
 12683 | Elf:1    | Identified the "Jukkiopn"
 12683 | Elf:2    | Identified the of Hotezom
 12683 | Elf:3    | Identified the "Ciacew"
 12683 | Elf:3    | Identified the of Eheanlim
 12683 | Slime:1  | Entered Level 1 of the Pits of Slime
 12690 | Slime:1  | Noticed a quicksilver ooze
 12738 | Slime:1  | Noticed a quicksilver ooze
 12751 | Slime:1  | Noticed an acid blob
 12856 | Slime:2  | Noticed an azure jelly
 12870 | Slime:2  | Noticed an azure jelly
 12898 | Slime:2  | Noticed a formless jellyfish
 12903 | Slime:2  | Noticed a formless jellyfish
 12963 | Slime:2  | Noticed an acid blob
 12964 | Slime:2  | Noticed an azure jelly
 13033 | Slime:3  | Noticed an acid blob
 13033 | Slime:3  | Noticed an acid blob
 13034 | Slime:3  | Noticed an azure jelly
 13045 | Slime:3  | Noticed an azure jelly
 13051 | Slime:3  | Noticed an acid blob
 13061 | Slime:3  | Noticed an acid blob
 13086 | Slime:3  | Noticed a quicksilver ooze
 13091 | Slime:3  | Noticed a rockslime
 13105 | Slime:3  | Noticed an azure jelly
 13119 | Slime:3  | Noticed an acid blob
 13153 | Slime:3  | Noticed a rockslime
 13274 | Slime:3  | Noticed a quicksilver ooze
 13382 | Slime:4  | Noticed an acid blob
 13505 | Slime:5  | Entered Level 5 of the Pits of Slime
 13515 | Slime:5  | Noticed Dissolution
 13520 | Slime:5  | Noticed an acid blob
 13525 | Slime:5  | Noticed an acid blob
 13532 | Slime:5  | Got a slimy rune of Zot
 13546 | Slime:5  | Noticed a quicksilver ooze
 13580 | Slime:5  | Identified the +2 glaive of Crusades {protect, Will+ Str+2}
 13583 | Slime:5  | Identified the +4 battleaxe of Insufficient Pleasure
                  | {speed, Int-4 Dex+4}
 13588 | Slime:5  | Identified the +11 battleaxe of Muiraimo {spect, Int+2}
 13598 | Slime:5  | Noticed a rockslime
 13598 | Slime:5  | Noticed a quicksilver ooze
 13627 | Slime:5  | Noticed an acid blob
 13634 | Slime:5  | Noticed an acid blob
 13640 | Slime:5  | Identified the ring "Hamemm" {rElec rPois rC+ rN++ Slay-6}
 13645 | Slime:5  | Noticed an acid blob
 13649 | Slime:5  | Noticed a quicksilver ooze
 13659 | Slime:5  | Noticed a quicksilver ooze
 13664 | Slime:5  | Noticed the Royal Jelly
 13674 | Slime:5  | Noticed an acid blob
 13680 | Slime:5  | Noticed an acid blob
 13685 | Slime:5  | Found a viscous altar of Jiyva.
 13706 | Slime:5  | Noticed an acid blob
 13710 | Slime:5  | Noticed a rockslime
 13739 | Slime:5  | Identified the +7 dire flail of Uhasijiz {freeze, rElec
                  | Str+7}
 13741 | Slime:5  | Identified the staff of Ambiguity {rPois Will+ Str+2
                  | Poison}
 13747 | Slime:5  | Identified the +3 ring mail of Lueg {Str+2}
 13978 | Lair:5   | Entered Level 5 of the Lair of Beasts
 14295 | Lair:5   | Reached skill level 15 in Fighting
 14313 | Lair:5   | Reached skill level 15 in Axes
 14478 | Lair:5   | Reached skill level 10 in Shields
 14631 | Lair:5   | Found a runed translucent door.
 15355 | Orc:1    | Entered Level 1 of the Orcish Mines
 15513 | Orc:1    | Lost mutation: You are very agile. (Dex +8, Str/Int -2)
                  | [Jiyva's grace]
 15513 | Orc:1    | Lost mutation: You have acidic saliva. [Jiyva's grace]
 15513 | Orc:1    | Lost mutation: You are covered in slimy tendrils that may
                  | disarm your opponents. [Jiyva's grace]
 15513 | Orc:1    | Lost mutation: Your melee attacks may engulf your foes in
                  | ooze. [Jiyva's grace]
 15513 | Orc:1    | Gained mutation: You passively map a small area around you.
                  | [Jiyva's grace]
 15513 | Orc:1    | Gained mutation: You passively map the area around you.
                  | [Jiyva's grace]
 15513 | Orc:1    | Gained mutation: You passively map a large area around you.
                  | [Jiyva's grace]
 15513 | Orc:1    | Gained mutation: You have very sharp teeth. [Jiyva's grace]
 15867 | Orc:2    | Entered Level 2 of the Orcish Mines
 15951 | Orc:1    | Noticed an orc warlord
 15963 | Orc:1    | Reached skill level 15 in Armour
 15971 | Orc:1    | Killed an orc warlord
 16079 | Orc:1    | Noticed Fannar
 16091 | Orc:1    | Killed Fannar
 16129 | Orc:2    | Found Putenuocre's Antique Armour Shop.
 16137 | Orc:2    | Bought the +3 pair of gauntlets of War {Slay+5} for 1282
                  | gold pieces
 16137 | Orc:2    | Found the +3 pair of gauntlets of War {Slay+5}
 16257 | Orc:2    | Noticed an orc warlord
 16279 | Orc:2    | Killed an orc warlord
 16329 | Orc:2    | Found a staircase to the Elven Halls.
 16379 | Orc:2    | Noticed an orc warlord
 16400 | Orc:2    | Reached XP level 15. HP: 140/143 MP: 14/14
 16522 | Orc:2    | Found Qoivawky's General Store.
 16523 | Orc:2    | Found Jieroiwn's Jewellery Shop.
 16525 | Orc:2    | Found Kodu's Antique Armour Shop.
 16525 | Orc:2    | Found Tust's Antique Weapon Boutique.
 16540 | Orc:2    | Bought a scroll of identify for 32 gold pieces
 16831 | Orc:2    | Bought a ring of flight for 245 gold pieces
 17022 | Swamp:1  | Entered Level 1 of the Swamp
 17525 | Swamp:2  | Noticed a tentacled monstrosity
 17526 | Swamp:2  | Lost mutation: You are completely covered in iridescent
                  | scales. (AC +6) [Jiyva's grace]
 17526 | Swamp:2  | Lost mutation: You passively map a large area around you.
                  | [Jiyva's grace]
 17526 | Swamp:2  | Lost mutation: You passively map the area around you.
                  | [Jiyva's grace]
 17526 | Swamp:2  | Lost mutation: Your muscles are strong. (Str +4, Int/Dex
                  | -1) [Jiyva's grace]
 17526 | Swamp:2  | Lost mutation: You expend magic power (3 MP) to strengthen
                  | your wands. [Jiyva's grace]
 17526 | Swamp:2  | Gained mutation: You expend magic power (3 MP) to
                  | strengthen your wands. [Jiyva's grace]
 17526 | Swamp:2  | Gained mutation: Your system is resistant to poisons.
                  | (rPois) [Jiyva's grace]
 17526 | Swamp:2  | Gained mutation: You have a small jelly attached to you
                  | that may absorb projectiles. [Jiyva's grace]
 17526 | Swamp:2  | Gained mutation: Your flesh is cold resistant. (rC+)
                  | [Jiyva's grace]
 17534 | Swamp:2  | Killed a tentacled monstrosity
 17561 | Swamp:2  | You are sucked into a shaft and drop 1 floor!
 17608 | Swamp:3  | Reached skill level 15 in Dodging
 18301 | Swamp:3  | Noticed a tentacled monstrosity
 18312 | Swamp:3  | Killed a tentacled monstrosity
 18712 | Swamp:4  | Entered Level 4 of the Swamp
 18754 | Swamp:4  | Reached XP level 16. HP: 152/152 MP: 15/15
 18783 | Swamp:4  | Found a frozen archway.
 18798 | IceCv    | Entered an ice cave
 19733 | Swamp:4  | Noticed a tentacled monstrosity
 19748 | Swamp:4  | Killed a tentacled monstrosity
 19848 | Swamp:4  | Noticed Mara
 19857 | Swamp:4  | Noticed BinkBink's illusion
 19877 | Swamp:4  | Killed Mara
 19922 | Swamp:4  | Lost mutation: Your flesh is cold resistant. (rC+) [Jiyva's
                  | grace]
 19922 | Swamp:4  | Lost mutation: Your system is resistant to poisons. (rPois)
                  | [Jiyva's grace]
 19922 | Swamp:4  | Lost mutation: Your spells are a little harder to cast, but
                  | a little more powerful. [Jiyva's grace]
 19922 | Swamp:4  | Gained mutation: Your rubbery body absorbs attacks. (AC +1,
                  | EV +1) [Jiyva's grace]
 19922 | Swamp:4  | Gained mutation: Your pliable body absorbs attacks. (AC +2,
                  | EV +2) [Jiyva's grace]
 19922 | Swamp:4  | Gained mutation: Your gelatinous body deflects attacks. (AC
                  | +3, EV +3) [Jiyva's grace]
 19922 | Swamp:4  | Gained mutation: You have acidic saliva. [Jiyva's grace]
 19938 | Swamp:4  | Got a decaying rune of Zot
 20047 | Swamp:4  | Noticed Mlioglotl
 20059 | Swamp:4  | Killed Mlioglotl
 20456 | Spider:1 | Entered Level 1 of the Spider Nest
 20703 | Spider:1 | Reached XP level 17. HP: 163/163 MP: 16/16
 20708 | Spider:1 | Identified the serpent talisman "Vyss" {Dex+3}
 20708 | Spider:1 | Noticed Aizul
 20720 | Spider:1 | Killed Aizul
 21400 | Spider:1 | You are sucked into a shaft and drop 1 floor!
 21761 | Spider:2 | Lost mutation: You are mostly covered in iridescent scales.
                  | (AC +4) [Jiyva's grace]
 21761 | Spider:2 | Lost mutation: You passively map a small area around you.
                  | [Jiyva's grace]
 21761 | Spider:2 | Lost mutation: You have acidic saliva. [Jiyva's grace]
 21761 | Spider:2 | Lost mutation: Your gelatinous body deflects attacks. (AC
                  | +3, EV +3) [Jiyva's grace]
 21761 | Spider:2 | Gained mutation: Your translucent skin slightly reduces
                  | your foes' accuracy. (Stealth+) [Jiyva's grace]
 21761 | Spider:2 | Gained mutation: Your translucent skin reduces your foes'
                  | accuracy. (Stealth+) [Jiyva's grace]
 21761 | Spider:2 | Gained mutation: Your transparent skin significantly
                  | reduces your foes' accuracy. (Stealth+) [Jiyva's grace]
 21761 | Spider:2 | Gained mutation: Armour fits poorly on your pseudopods.
                  | [Jiyva's grace]
 21867 | Spider:2 | Noticed Jorgrun
 21877 | Spider:2 | Killed Jorgrun
 21900 | Spider:2 | Noticed Arachne
 21913 | Spider:2 | Killed Arachne
 22132 | Spider:2 | Noticed Kirke
 22148 | Spider:2 | Killed Kirke
 22227 | Spider:2 | Noticed Roxanne
 22251 | Spider:2 | Killed Roxanne
 22846 | Spider:3 | Noticed Vetyenn's ghost (adept HOFi)
 22847 | Spider:3 | Found a runed translucent gate.
 22847 | Spider:3 | Found a runed translucent gate.
 22847 | Spider:3 | Found a runed translucent gate.
 23482 | Spider:4 | Entered Level 4 of the Spider Nest
 23895 | Spider:4 | Reached skill level 15 in Shields
 23900 | Spider:4 | Noticed Agnes
 23914 | Spider:4 | Killed Agnes
 24202 | Spider:4 | Reached XP level 18. HP: 173/173 MP: 17/17
 24423 | Spider:4 | Got a gossamer rune of Zot
 24630 | D:6      | Killed Crazy Yiuf
 24947 | D:6      | Killed ongoing's ghost
 25403 | D:13     | Lost mutation: Your body has grown many eyes which may
                  | confuse attackers. (Acc +5) [Jiyva's grace]
 25403 | D:13     | Lost mutation: Your pliable body absorbs attacks. (AC +2,
                  | EV +2) [Jiyva's grace]
 25403 | D:13     | Lost mutation: Your transparent skin significantly reduces
                  | your foes' accuracy. (Stealth+) [Jiyva's grace]
 25403 | D:13     | Lost mutation: You have a small jelly attached to you that
                  | may absorb projectiles. [Jiyva's grace]
 25403 | D:13     | Gained mutation: You possess an exceptional clarity of
                  | mind. [Jiyva's grace]
 25403 | D:13     | Gained mutation: Your body has grown many eyes which may
                  | confuse attackers. (Acc +5) [Jiyva's grace]
 25403 | D:13     | Gained mutation: Your body is covered in eyes which may
                  | confuse attackers. (Acc +7, SInv) [Jiyva's grace]
 25403 | D:13     | Gained mutation: Your transparent skin significantly
                  | reduces your foes' accuracy. (Stealth+) [Jiyva's grace]
 25561 | D:13     | Identified the +5 lajatang of Destruction {chaos, rPois
                  | Will+ Stlth+}
 25744 | D:13     | Found a gate to the Vaults.
 26578 | D:14     | Lost mutation: You possess an exceptional clarity of mind.
                  | [Jiyva's grace]
 26578 | D:14     | Lost mutation: Your body is covered in eyes which may
                  | confuse attackers. (Acc +7, SInv) [Jiyva's grace]
 26578 | D:14     | Gained mutation: Your pliable body absorbs attacks. (AC +2,
                  | EV +2) [Jiyva's grace]
 26578 | D:14     | Gained mutation: Your gelatinous body deflects attacks. (AC
                  | +3, EV +3) [Jiyva's grace]
 26578 | D:14     | Gained mutation: You have a pair of large horns on your
                  | head. [Jiyva's grace]
 26578 | D:14     | Gained mutation: You have sharp toenails. [Jiyva's grace]
 26594 | D:14     | Lost mutation: Your body has grown many eyes which may
                  | confuse attackers. (Acc +5) [potion of mutation]
 26594 | D:14     | Lost mutation: Armour fits poorly on your pseudopods.
                  | [potion of mutation]
 26594 | D:14     | Lost mutation: Your transparent skin significantly reduces
                  | your foes' accuracy. (Stealth+) [potion of mutation]
 26594 | D:14     | Lost mutation: Your translucent skin reduces your foes'
                  | accuracy. (Stealth+) [potion of mutation]
 26711 | D:14     | Identified the +3 long sword "Anohuf" {heavy, Str+3}
 26785 | D:14     | Identified the +11 hand axe of Disintegration {heavy, rC+
                  | MP+9}
 27156 | D:15     | Entered Level 15 of the Dungeon
 27486 | D:15     | Found a staircase to the Depths.
 27895 | Elf:1    | Entered Level 1 of the Elven Halls
 27895 | Elf:1    | Identified the +1 kite shield "Qiresuir" {Str+3}
 27895 | Elf:1    | Noticed Donald
 27902 | Elf:1    | Killed Donald
 28018 | Elf:1    | Reached XP level 19. HP: 184/184 MP: 18/18
 28717 | Elf:2    | Found a transporter.
 28725 | Elf:2    | Noticed Loit's ghost (adept GrFi)
 28728 | Elf:2    | Found a transporter.
 28758 | Elf:2    | Found a huge runed translucent gate.
 28758 | Elf:2    | Found a huge runed translucent gate.
 28758 | Elf:2    | Found a huge runed translucent gate.
 28758 | Elf:2    | Found a huge runed translucent gate.
 28763 | Elf:2    | Found a huge runed translucent gate.
 29161 | Elf:2    | Lost mutation: Your gelatinous body deflects attacks. (AC
                  | +3, EV +3) [Jiyva's grace]
 29161 | Elf:2    | Lost mutation: You expend magic power (3 MP) to strengthen
                  | your wands. [Jiyva's grace]
 29161 | Elf:2    | Gained mutation: You have a small jelly attached to you
                  | that may absorb projectiles. [Jiyva's grace]
 29161 | Elf:2    | Gained mutation: You are mostly covered in iridescent
                  | scales. (AC +4) [Jiyva's grace]
 29161 | Elf:2    | Gained mutation: You are completely covered in iridescent
                  | scales. (AC +6) [Jiyva's grace]
 29161 | Elf:2    | Gained mutation: Your muscles are strong. (Str +4, Int/Dex
                  | -1) [Jiyva's grace]
 29465 | Elf:3    | Entered Level 3 of the Elven Halls
 29472 | Elf:3    | Paralysed by an air elemental for 1 turns
 29808 | Abyss:3  | Cast into level 3 of the Abyss (a deep elf demonologist)
 30130 | Abyss:3  | Noticed a bone dragon
 30145 | Abyss:3  | Killed a bone dragon
 30235 | Elf:3    | Escaped the Abyss
 30269 | Elf:3    | Identified the +10 scimitar of Expedience {pain, Fly rPois
                  | rF+ Str-5}
 30352 | Abyss:3  | Cast into level 3 of the Abyss (a deep elf demonologist)
 30465 | Abyss:3  | Reached XP level 20. HP: 195/195 MP: 19/19
 30589 | Elf:3    | Escaped the Abyss
 30662 | Elf:3    | Identified the +4 chain mail of Voera {Harm *Slow MP+9}
 30706 | Elf:3    | Identified the +6 long sword "Caem" {freeze, rF+}
 30763 | Elf:3    | Identified the +4 scale mail "Muhiqe" {Dex+6}
 30802 | Elf:3    | Identified the +0 pair of gloves of Xobun {rCorr Int+5
                  | SInv}
 30817 | Elf:3    | Identified the +2 cloak "Orhiuqey" {rC+ rN+ Slay-3 Stlth+}
 30935 | Elf:3    | Lost mutation: Your body has grown eyes which may confuse
                  | attackers. (Acc +3) [Jiyva's grace]
 30935 | Elf:3    | Gained mutation: You are very agile. (Dex +8, Str/Int -2)
                  | [Jiyva's grace]
 30935 | Elf:3    | Gained mutation: You possess an exceptional clarity of
                  | mind. [Jiyva's grace]
 30935 | Elf:3    | Gained mutation: Your movements are slightly less
                  | encumbered by armour. (ER -2) [Jiyva's grace]
 30935 | Elf:3    | Gained mutation: Your movements are less encumbered by
                  | armour. (ER -4) [Jiyva's grace]
 31235 | Elf:3    | Found an ancient bone altar of Kikubaaqudgha.
 31331 | Elf:3    | Identified the +0 scale mail "Wifoett" {rElec rPois}
 31699 | Vaults:1 | Entered Level 1 of the Vaults
 32167 | Vaults:1 | Noticed Saint Roka
 32187 | Vaults:1 | Killed Saint Roka
 32293 | Vaults:1 | Lost mutation: You have sharp toenails. [Jiyva's grace]
 32293 | Vaults:1 | Lost mutation: You are completely covered in iridescent
                  | scales. (AC +6) [Jiyva's grace]
 32293 | Vaults:1 | Lost mutation: You have a small jelly attached to you that
                  | may absorb projectiles. [Jiyva's grace]
 32293 | Vaults:1 | Gained mutation: Armour fits poorly on your pseudopods.
                  | [Jiyva's grace]
 32293 | Vaults:1 | Gained mutation: Armour fits poorly on your large
                  | pseudopods. [Jiyva's grace]
 32293 | Vaults:1 | Gained mutation: Armour fits poorly on your massive
                  | pseudopods. [Jiyva's grace]
 32293 | Vaults:1 | Gained mutation: Your melee attacks may engulf your foes in
                  | ooze. [Jiyva's grace]
 32462 | Vaults:1 | Found Botiral's Antique Armour Shoppe.
 32469 | Vaults:1 | Bought a distressingly furry chain mail for 275 gold pieces
 32469 | Vaults:1 | Identified the +8 chain mail of Thoughtfulness {rC+ Int+3
                  | Dex+3} (You bought it in a shop on level 1 of the Vaults)
 32906 | Vaults:2 | Found Poufraof's Jewellery Shop.
 33652 | Vaults:2 | Found Unkyxofe's Antique Armour Shop.
 33660 | Vaults:2 | Bought a pair of jewelled boots for 294 gold pieces
 33660 | Vaults:2 | Identified the +2 pair of boots of Quick Brilliance {rC+}
                  | (You bought it in a shop on level 2 of the Vaults)
 33677 | Vaults:2 | Found Rysor Zanto's Weapon Shoppe.
 33720 | Vaults:2 | Found a runed translucent door.
 33720 | Vaults:2 | Noticed Tang's ghost (master DsGl)
 33821 | Vaults:2 | Found Hainoet's Antique Armour Emporium.
 33825 | Vaults:2 | Bought a runed scarf for 416 gold pieces
 34118 | Vaults:3 | Lost mutation: You are mostly covered in iridescent scales.
                  | (AC +4) [Jiyva's grace]
 34118 | Vaults:3 | Lost mutation: You possess an exceptional clarity of mind.
                  | [Jiyva's grace]
 34118 | Vaults:3 | Lost mutation: Your translucent skin slightly reduces your
                  | foes' accuracy. (Stealth+) [Jiyva's grace]
 34118 | Vaults:3 | Gained mutation: You expend magic power (3 MP) to
                  | strengthen your wands. [Jiyva's grace]
 34118 | Vaults:3 | Gained mutation: Your body has grown eyes which may confuse
                  | attackers. (Acc +3) [Jiyva's grace]
 34118 | Vaults:3 | Gained mutation: Your body has grown many eyes which may
                  | confuse attackers. (Acc +5) [Jiyva's grace]
 34118 | Vaults:3 | Gained mutation: Your body is covered in eyes which may
                  | confuse attackers. (Acc +7, SInv) [Jiyva's grace]
 34146 | Vaults:3 | Found a staircase to the Crypt.
 34146 | Vaults:3 | Found a basalt altar of Yredelemnul.
 34146 | Vaults:3 | Found an ancient bone altar of Kikubaaqudgha.
 34237 | Vaults:3 | Reached XP level 21. HP: 205/205 MP: 20/20
 34534 | Vaults:3 | Found Jaanume's Book Emporium.
 34580 | Vaults:3 | Noticed Asterion
 34593 | Vaults:3 | Killed Asterion
 35354 | Vaults:4 | Noticed Xtahua
 35355 | Vaults:4 | Found a magical portal.
 35360 | Vaults:4 | Killed Xtahua
 35363 | WizLab   | Entered The Hall of the Hellbinder
 35492 | WizLab   | Found a burning altar of Makhleb.
 35494 | WizLab   | Found the +2 cloak of the Thief {*Fog Slay-2 SInv Stlth+}
 35506 | WizLab   | Noticed Niopry
 35517 | WizLab   | Killed Niopry the Hellbinder
 35532 | WizLab   | Identified the orb of the Trees {mayhem, Fly}
 35536 | WizLab   | Identified the +1 cloak of the Endless Expanse {rElec Int+4
                  | Slay+3}
 35560 | WizLab   | Identified the amulet of Lexacuna {Faith Fragile rN++}
 35775 | Vaults:4 | Lost mutation: You have very sharp teeth. [Jiyva's grace]
 35775 | Vaults:4 | Lost mutation: You are very agile. (Dex +8, Str/Int -2)
                  | [Jiyva's grace]
 35775 | Vaults:4 | Lost mutation: Your muscles are strong. (Str +4, Int/Dex
                  | -1) [Jiyva's grace]
 35775 | Vaults:4 | Lost mutation: Your pliable body absorbs attacks. (AC +2,
                  | EV +2) [Jiyva's grace]
 35775 | Vaults:4 | Lost mutation: Your rubbery body absorbs attacks. (AC +1,
                  | EV +1) [Jiyva's grace]
 35775 | Vaults:4 | Lost mutation: Your movements are less encumbered by
                  | armour. (ER -4) [Jiyva's grace]
 35775 | Vaults:4 | Gained mutation: Your mind is acute. (Int +4, Str/Dex -1)
                  | [Jiyva's grace]
 35775 | Vaults:4 | Gained mutation: Your mind is very acute. (Int +8, Str/Dex
                  | -2) [Jiyva's grace]
 35775 | Vaults:4 | Gained mutation: You have acidic saliva. [Jiyva's grace]
 35775 | Vaults:4 | Gained mutation: Your muscles are strong. (Str +4, Int/Dex
                  | -1) [Jiyva's grace]
 36295 | Vaults:5 | Entered Level 5 of the Vaults
 36342 | Vaults:5 | Reached XP level 22. HP: 133/217 MP: 21/21
 36344 | Vaults:5 | Noticed a golden dragon
 36351 | Vaults:5 | Noticed a golden dragon
 36354 | Vaults:5 | Identified the amulet "Adaczud" {Acrobat Will+ Slay+2}
 36356 | Vaults:5 | Killed a golden dragon
 36370 | Vaults:5 | Killed a golden dragon
 36377 | Vaults:5 | Noticed an ancient lich
 36377 | Vaults:5 | HP: 2/215 [stone giant (22)]
 36499 | Vaults:5 | Identified the +1 leather armour of Fasof {*Slow Regen+
                  | rCorr Dex+8}
 36535 | Vaults:5 | Noticed a golden dragon
 36543 | Vaults:5 | Killed a golden dragon
 36625 | Vaults:5 | Found Tiezoa's Antique Armour Emporium.
 36642 | Vaults:5 | Found Eskesoma's Antique Armour Boutique.
 36694 | Vaults:5 | Identified the +0 leather armour "Pyax" {rC++ Regen+ Dex-2}
 36709 | Vaults:5 | Killed an ancient lich
 37181 | Vaults:5 | Got a silver rune of Zot
 37630 | Depths:1 | Entered Level 1 of the Depths
 37762 | Depths:1 | Found the amulet of the Air {Inacc Air Fly rElec RMsl}
 37805 | Depths:1 | Lost mutation: You have a pair of large horns on your head.
                  | [Jiyva's grace]
 37805 | Depths:1 | Lost mutation: You are partially covered in iridescent
                  | scales. (AC +2) [Jiyva's grace]
 37805 | Depths:1 | Lost mutation: Your muscles are strong. (Str +4, Int/Dex
                  | -1) [Jiyva's grace]
 37805 | Depths:1 | Lost mutation: Armour fits poorly on your massive
                  | pseudopods. [Jiyva's grace]
 37805 | Depths:1 | Lost mutation: Your movements are slightly less encumbered
                  | by armour. (ER -2) [Jiyva's grace]
 37805 | Depths:1 | Gained mutation: You have a pair of large horns on your
                  | head. [Jiyva's grace]
 37805 | Depths:1 | Gained mutation: You are robust. (+10% HP) [Jiyva's grace]
 37805 | Depths:1 | Gained mutation: You are very robust. (+20% HP) [Jiyva's
                  | grace]
 37805 | Depths:1 | Gained mutation: You are extremely robust. (+30% HP)
                  | [Jiyva's grace]
 37829 | Depths:1 | Noticed the Enchantress
 37848 | Depths:1 | Killed the Enchantress
 37849 | Depths:1 | Reached XP level 23. HP: 243/295 MP: 22/22
 37969 | Depths:1 | Found a one-way gate to the infinite horrors of the Abyss.
 38004 | Depths:1 | Found a gateway to Hell.
 38066 | Depths:1 | Found the ring of the Tortoise {AC+8}
 38901 | Depths:2 | Found a one-way gate leading to the halls of Pandemonium.
 39698 | Depths:3 | Identified the +1 leather armour of the Banana {Dex+2}
 39852 | Depths:3 | Noticed Mihuozyi's ghost (adept MiBe)
 39852 | Depths:3 | Noticed an ancient lich
 39852 | Depths:3 | Noticed a caustic shrike
 39872 | Depths:3 | Found a runed translucent door.
 39886 | Depths:3 | Found a runed translucent door.
 40066 | Depths:4 | Entered Level 4 of the Depths
 40066 | Depths:4 | Lost mutation: Your mind is very acute. (Int +8, Str/Dex
                  | -2) [Jiyva's grace]
 40066 | Depths:4 | Lost mutation: Your mind is acute. (Int +4, Str/Dex -1)
                  | [Jiyva's grace]
 40066 | Depths:4 | Lost mutation: Your body is covered in eyes which may
                  | confuse attackers. (Acc +7, SInv) [Jiyva's grace]
 40066 | Depths:4 | Lost mutation: You expend magic power (3 MP) to strengthen
                  | your wands. [Jiyva's grace]
 40066 | Depths:4 | Gained mutation: You have sharp toenails. [Jiyva's grace]
 40066 | Depths:4 | Gained mutation: You have razor-sharp toenails. [Jiyva's
                  | grace]
 40066 | Depths:4 | Gained mutation: You have claws for feet. [Jiyva's grace]
 40066 | Depths:4 | Gained mutation: Your mind is acute. (Int +4, Str/Dex -1)
                  | [Jiyva's grace]
 40075 | Depths:4 | Noticed a caustic shrike
 40075 | Depths:4 | Noticed a caustic shrike
 40075 | Depths:4 | Noticed a caustic shrike
 40075 | Depths:4 | Noticed a caustic shrike
 40076 | Depths:4 | Noticed a caustic shrike
 40080 | Depths:4 | Killed a caustic shrike
 40081 | Depths:4 | Killed a caustic shrike
 40084 | Depths:4 | Killed a caustic shrike
 40085 | Depths:4 | Killed a caustic shrike
 40086 | Depths:4 | Killed a caustic shrike
 40198 | Depths:4 | Found a gate to the Realm of Zot.
 40375 | Depths:4 | Reached XP level 24. HP: 309/309 MP: 22/22
 40547 | Depths:4 | Found a one-way gateway to a ziggurat.
 41012 | Depths:4 | Found a sparkling altar of Nemelex Xobeh.
 41525 | Spider:3 | Killed Vetyenn's ghost
 41537 | Spider:3 | Identified the +7 halberd of the Throat {pain, rElec}
 41801 | Elf:2    | Killed Loit's ghost
 42268 | Depths:1 | Voluntarily entered the Abyss.
 42268 | Abyss:3  | Identified the of Huba
 42268 | Abyss:3  | Identified the "Jibeafedo"
 42268 | Abyss:3  | Identified the "Pobeaki"
 42268 | Abyss:3  | Identified the "Ziss"
 42268 | Abyss:3  | Identified the "Satsumor"
 42268 | Abyss:3  | Identified the of Ublerchuxao
 42268 | Abyss:3  | Identified the "Xyos"
 42268 | Abyss:3  | Identified the "Osocrem"
 42320 | Abyss:3  | Found a corrupted altar of Lugonu.
 42321 | Abyss:3  | Found a corrupted altar of Lugonu.
 42321 | Abyss:3  | Found a corrupted altar of Lugonu.
 42346 | Abyss:3  | Lost mutation: You are extremely robust. (+30% HP) [Jiyva's
                  | grace]
 42346 | Abyss:3  | Lost mutation: Your body has grown many eyes which may
                  | confuse attackers. (Acc +5) [Jiyva's grace]
 42346 | Abyss:3  | Lost mutation: Armour fits poorly on your large pseudopods.
                  | [Jiyva's grace]
 42346 | Abyss:3  | Gained mutation: You are somewhat resistant to further
                  | mutation. [Jiyva's grace]
 42346 | Abyss:3  | Gained mutation: You are somewhat resistant to both further
                  | mutation and mutation removal. [Jiyva's grace]
 42346 | Abyss:3  | Gained mutation: You are almost entirely resistant to
                  | further mutation and mutation removal. [Jiyva's grace]
 42346 | Abyss:3  | Gained mutation: You are partially covered in iridescent
                  | scales. (AC +2) [Jiyva's grace]
 42407 | Abyss:3  | Found a corrupted altar of Lugonu.
 42491 | Abyss:3  | Found a corrupted altar of Lugonu.
 43363 | Abyss:5  | Found a corrupted altar of Lugonu.
 43443 | Abyss:5  | Paralysed by accursed screaming for 1 turns
 43468 | Abyss:5  | Got an abyssal rune of Zot
 43475 | Depths:1 | Escaped the Abyss
 43533 | Hell     | Entered the Vestibule of Hell
 43533 | Hell     | Noticed Geryon
 43793 | Crypt:1  | Entered Level 1 of the Crypt
 43793 | Crypt:1  | Lost mutation: You are almost entirely resistant to further
                  | mutation and mutation removal. [Jiyva's grace]
 43793 | Crypt:1  | Lost mutation: You are very robust. (+20% HP) [Jiyva's
                  | grace]
 43793 | Crypt:1  | Gained mutation: You possess an exceptional clarity of
                  | mind. [Jiyva's grace]
 43793 | Crypt:1  | Gained mutation: Your rubbery body absorbs attacks. (AC +1,
                  | EV +1) [Jiyva's grace]
 43793 | Crypt:1  | Gained mutation: Your pliable body absorbs attacks. (AC +2,
                  | EV +2) [Jiyva's grace]
 43793 | Crypt:1  | Gained mutation: Your gelatinous body deflects attacks. (AC
                  | +3, EV +3) [Jiyva's grace]
 43909 | Crypt:1  | Reached skill level 27 in Axes
 44080 | Crypt:1  | Reached XP level 25. HP: 266/273 MP: 22/22
 44308 | Crypt:1  | Found an ancient bone altar of Kikubaaqudgha.
 44796 | Crypt:2  | Found a runed translucent gate.
 44796 | Crypt:2  | Found a runed translucent gate.
 44796 | Crypt:2  | Found a runed translucent gate.
 44797 | Crypt:2  | Noticed Nuciocask's ghost (veteran MiBe)
 44799 | Crypt:2  | Identified the +1 leather armour of the Orb Guardian
                  | {Dex+3}
 45195 | Crypt:2  | Found an iron altar of Okawaru.
 45210 | Crypt:3  | Entered Level 3 of the Crypt
 45326 | Crypt:3  | Noticed Khufu
 45327 | Crypt:3  | Noticed a royal mummy
 45687 | Crypt:3  | Killed a royal mummy
 45810 | Crypt:3  | Killed Khufu
 45980 | Crypt:3  | Found the +10 morningstar "Eos" {elec, Halo rElec}
 46025 | Crypt:3  | Lost mutation: You are partially covered in iridescent
                  | scales. (AC +2) [Jiyva's grace]
 46025 | Crypt:3  | Lost mutation: You are somewhat resistant to both further
                  | mutation and mutation removal. [Jiyva's grace]
 46025 | Crypt:3  | Lost mutation: You have claws for feet. [Jiyva's grace]
 46025 | Crypt:3  | Lost mutation: You have razor-sharp toenails. [Jiyva's
                  | grace]
 46025 | Crypt:3  | Lost mutation: You have sharp toenails. [Jiyva's grace]
 46025 | Crypt:3  | Gained mutation: You have large cloven feet. [Jiyva's
                  | grace]
 46025 | Crypt:3  | Gained mutation: You have hoof-like feet. [Jiyva's grace]
 46025 | Crypt:3  | Gained mutation: You have hooves in place of feet. [Jiyva's
                  | grace]
 46025 | Crypt:3  | Gained mutation: You are resistant to electric shocks.
                  | (rElec) [Jiyva's grace]
 46165 | Crypt:3  | Found a staircase to the Tomb.
 46281 | Crypt:3  | Noticed a dread lich
 46282 | Crypt:3  | Noticed a dread lich
 46282 | Crypt:3  | Noticed a dread lich
 46336 | Crypt:3  | Paralysed by a dread lich for 3 turns
 46344 | Crypt:3  | Killed a dread lich
 46349 | Crypt:3  | Paralysed by a dread lich for 4 turns
 46353 | Crypt:3  | Lost mutation: You possess an exceptional clarity of mind.
                  | [a cacodemon]
 46354 | Crypt:3  | Killed a dread lich
 46355 | Crypt:3  | Killed a dread lich
 46357 | Crypt:3  | Identified the +7 rapier of Malum Prohibitum {heavy, rF+
                  | rN+}
 46402 | Crypt:3  | Identified the +1 scale mail of Dukhad {rPois Dex+3 Stlth+}
 47401 | Hell     | Killed Geryon
 47481 | Hell     | Found a gateway to the decaying netherworld of Tartarus.
 47625 | Hell     | Found a gateway to the ashen valley of Gehenna.
 47761 | Hell     | Found a gateway to the freezing wastes of Cocytus.
 47814 | Hell     | Found a gateway to the Iron City of Dis.
 47899 | Tar:7    | Identified the "Serr"
 47899 | Coc:7    | Identified the "Xumiqiol"
 47899 | Dis:1    | Entered Level 1 of the Iron City of Dis
 48065 | Dis:1    | Reached XP level 26. HP: 239/273 MP: 22/22
 48142 | Dis:1    | Lost mutation: Armour fits poorly on your pseudopods.
                  | [potion of mutation]
 48142 | Dis:1    | Lost mutation: You have acidic saliva. [potion of mutation]
 48142 | Dis:1    | Lost mutation: Your body has grown eyes which may confuse
                  | attackers. (Acc +3) [potion of mutation]
 48143 | Dis:1    | Lost mutation: You are somewhat resistant to further
                  | mutation. [potion of mutation]
 48143 | Dis:1    | Lost mutation: You have hooves in place of feet. [potion of
                  | mutation]
 48143 | Dis:1    | Lost mutation: You are resistant to electric shocks.
                  | (rElec) [potion of mutation]
 48143 | Dis:1    | Gained mutation: Your natural rate of healing is unusually
                  | fast. [potion of mutation]
 50633 | Depths:3 | Learned a level 2 spell: Passwall
 50792 | Depths:3 | Voluntarily entered the Abyss.
 50870 | Abyss:5  | Found a corrupted altar of Lugonu.
 50884 | Abyss:5  | Reached skill level 1 in Earth Magic
 50936 | Abyss:5  | Reached skill level 1 in Spellcasting
 50938 | Depths:3 | Escaped the Abyss
 50940 | Depths:3 | Voluntarily entered the Abyss.
 50941 | Abyss:5  | Found a corrupted altar of Lugonu.
 50999 | Abyss:5  | Lost mutation: You are robust. (+10% HP) [Jiyva's grace]
 50999 | Abyss:5  | Lost mutation: Your melee attacks may engulf your foes in
                  | ooze. [Jiyva's grace]
 50999 | Abyss:5  | Gained mutation: You are robust. (+10% HP) [Jiyva's grace]
 50999 | Abyss:5  | Gained mutation: You are very robust. (+20% HP) [Jiyva's
                  | grace]
 50999 | Abyss:5  | Gained mutation: You are extremely robust. (+30% HP)
                  | [Jiyva's grace]
 50999 | Abyss:5  | Gained mutation: You are somewhat resistant to further
                  | mutation. [Jiyva's grace]
 51180 | Abyss:5  | Noticed a dread lich
 51196 | Abyss:5  | Killed a dread lich
 51355 | Abyss:5  | Reached skill level 27 in Fighting
 51358 | Abyss:5  | Noticed an ancient lich
 51369 | Abyss:5  | Paralysed by accursed screaming for 1 turns
 51391 | Abyss:5  | Killed an ancient lich
 51515 | Abyss:5  | Paralysed by you for 4 turns
 51532 | Abyss:5  | Paralysed by accursed screaming for 2 turns
 51555 | Abyss:5  | Gained mutation: Potions are less effective at restoring
                  | your health. [a cacodemon]
 51615 | Depths:3 | Escaped the Abyss
 51873 | Depths:3 | Voluntarily entered the Abyss.
 51923 | Abyss:5  | Reached skill level 27 in Armour
 52063 | Abyss:5  | Found a corrupted altar of Lugonu.
 52123 | Abyss:5  | Reached XP level 27. HP: 354/354 MP: 26/27
 52328 | Abyss:5  | Reached skill level 5 in Earth Magic
 52575 | Depths:3 | Escaped the Abyss
 53032 | Vaults:2 | Killed Tang's ghost
 53035 | Vaults:2 | Identified the +6 plate armour of Gestures {rElec rC++
                  | Regen+}
 53368 | Depths:3 | Learned a level 2 spell: Blink
 53409 | Depths:3 | Voluntarily entered the Abyss.
 53480 | Abyss:5  | Reached skill level 1 in Transmutations
 53482 | Abyss:5  | Reached skill level 1 in Translocations
 53532 | Abyss:5  | Reached skill level 5 in Spellcasting
 53571 | Abyss:5  | Noticed a dread lich
 53581 | Abyss:5  | Paralysed by accursed screaming for 2 turns
 53584 | Abyss:5  | Killed a dread lich
 53738 | Abyss:5  | Lost mutation: Your natural rate of healing is unusually
                  | fast. [Jiyva's grace]
 53738 | Abyss:5  | Lost mutation: You are extremely robust. (+30% HP) [Jiyva's
                  | grace]
 53738 | Abyss:5  | Lost mutation: Potions are less effective at restoring your
                  | health. [Jiyva's grace]
 53738 | Abyss:5  | Gained mutation: Your translucent skin slightly reduces
                  | your foes' accuracy. (Stealth+) [Jiyva's grace]
 53738 | Abyss:5  | Gained mutation: Your translucent skin reduces your foes'
                  | accuracy. (Stealth+) [Jiyva's grace]
 53738 | Abyss:5  | Gained mutation: Your transparent skin significantly
                  | reduces your foes' accuracy. (Stealth+) [Jiyva's grace]
 53738 | Abyss:5  | Gained mutation: You have hooves in place of feet. [Jiyva's
                  | grace]
 54005 | Abyss:6  | Paralysed by accursed screaming for 1 turns
 54013 | Abyss:6  | Paralysed by accursed screaming for 2 turns
 54025 | Abyss:6  | Identified the "Zinn"
 54055 | Abyss:6  | Gained mutation: Armour fits poorly on your strangely
                  | shaped body. [a neqoxec]
 54128 | Abyss:6  | Paralysed by accursed screaming for 1 turns
 54146 | Depths:3 | Escaped the Abyss
 54349 | Depths:3 | Found Unih's General Store.
 54421 | Depths:3 | Found a radiant altar of Vehumet.
 54802 | Depths:3 | Found The Legendary Haffuwn's Legendary Smithy.
 54831 | Depths:3 | Found a bloodstained altar of Trog.
 54845 | Depths:3 | Found Aklobb's Miraculous Elixirs.
 54868 | Depths:3 | Lost mutation: Your transparent skin significantly reduces
                  | your foes' accuracy. (Stealth+) [potion of mutation]
 54868 | Depths:3 | Lost mutation: Your translucent skin reduces your foes'
                  | accuracy. (Stealth+) [potion of mutation]
 54868 | Depths:3 | Lost mutation: You have a pair of large horns on your head.
                  | [potion of mutation]
 54868 | Depths:3 | Gained mutation: You are partially covered in iridescent
                  | scales. (AC +2) [potion of mutation]
 54869 | Depths:3 | Lost mutation: You are somewhat resistant to further
                  | mutation. [potion of mutation]
 54869 | Depths:3 | Lost mutation: Armour fits poorly on your strangely shaped
                  | body. [potion of mutation]
 54869 | Depths:3 | Lost mutation: You have hooves in place of feet. [potion of
                  | mutation]
 54869 | Depths:3 | Gained mutation: You are strong-willed. (Will+) [potion of
                  | mutation]
 54870 | Depths:3 | Lost mutation: Your translucent skin slightly reduces your
                  | foes' accuracy. (Stealth+) [potion of mutation]
 54870 | Depths:3 | Lost mutation: You are strong-willed. (Will+) [potion of
                  | mutation]
 54870 | Depths:3 | Gained mutation: Your mind is very acute. (Int +8, Str/Dex
                  | -2) [potion of mutation]
 54871 | Depths:3 | Lost mutation: You have hoof-like feet. [potion of
                  | mutation]
 54871 | Depths:3 | Lost mutation: You are very robust. (+20% HP) [potion of
                  | mutation]
 54871 | Depths:3 | Gained mutation: Your magical capacity is low. (-10% MP)
                  | [potion of mutation]
 54882 | Depths:3 | Bought 2 potions of mutation for 800 gold pieces
 54882 | Depths:3 | Lost mutation: You are partially covered in iridescent
                  | scales. (AC +2) [potion of mutation]
 54882 | Depths:3 | Lost mutation: You are robust. (+10% HP) [potion of
                  | mutation]
 54882 | Depths:3 | Gained mutation: You are robust. (+10% HP) [potion of
                  | mutation]
 54883 | Depths:3 | Lost mutation: Your gelatinous body deflects attacks. (AC
                  | +3, EV +3) [potion of mutation]
 54883 | Depths:3 | Lost mutation: You have large cloven feet. [potion of
                  | mutation]
 54883 | Depths:3 | Gained mutation: Your muscles are strong. (Str +4, Int/Dex
                  | -1) [potion of mutation]
 54883 | Depths:3 | Gained mutation: You have supernaturally acute eyesight.
                  | (SInv) [potion of mutation]
 55210 | Depths:3 | Voluntarily entered the Abyss.
 55280 | Abyss:6  | Paralysed by accursed screaming for 1 turns
 55294 | Abyss:6  | Paralysed by accursed screaming for 1 turns
 55300 | Abyss:6  | Paralysed by accursed screaming for 1 turns
 55312 | Abyss:6  | Paralysed by accursed screaming for 2 turns
 55328 | Depths:3 | Escaped the Abyss
 55414 | Depths:3 | Learned a level 2 spell: Wereblood
 55889 | Crypt:2  | Reached skill level 5 in Transmutations
 55933 | Crypt:2  | Killed Nuciocask's ghost
 56357 | Depths:3 | Voluntarily entered the Abyss.
 56412 | Abyss:6  | Paralysed by accursed screaming for 2 turns
 56423 | Abyss:6  | Reached skill level 5 in Translocations
 56512 | Abyss:6  | Lost mutation: You are agile. (Dex +4, Str/Int -1) [a
                  | neqoxec]
 56514 | Abyss:6  | Paralysed by accursed screaming for 2 turns
 56552 | Abyss:6  | Paralysed by accursed screaming for 2 turns
 56556 | Depths:3 | Escaped the Abyss
 56722 | Depths:3 | Voluntarily entered the Abyss.
 56760 | Abyss:6  | Paralysed by accursed screaming for 1 turns
 56769 | Abyss:6  | Reached skill level 1 in Stealth
 56800 | Abyss:6  | Paralysed by accursed screaming for 1 turns
 56837 | Abyss:7  | Entered Level 7 of the Abyss
 56857 | Abyss:7  | Reached skill level 27 in Shields
 56907 | Abyss:7  | Gained mutation: You occasionally lose the ability to drink
                  | potions when taking damage. [a neqoxec]
 56912 | Abyss:7  | Paralysed by accursed screaming for 1 turns
 56918 | Abyss:7  | Paralysed by accursed screaming for 1 turns
 56928 | Abyss:7  | Paralysed by accursed screaming for 1 turns
 56936 | Depths:3 | Escaped the Abyss
 57112 | Depths:3 | Learned a level 3 spell: Swiftness
 57113 | Depths:3 | Voluntarily entered the Abyss.
 57113 | Abyss:7  | Entered Level 7 of the Abyss
 57165 | Abyss:7  | Reached skill level 1 in Air Magic
 57193 | Abyss:7  | Noticed an ancient lich
 57260 | Abyss:7  | Killed a dread lich
 57289 | Abyss:7  | Found a corrupted altar of Lugonu.
 57297 | Abyss:7  | Reached skill level 27 in Dodging
 57307 | Abyss:7  | Lost mutation: You are robust. (+10% HP) [Jiyva's grace]
 57307 | Abyss:7  | Lost mutation: Your muscles are strong. (Str +4, Int/Dex
                  | -1) [Jiyva's grace]
 57307 | Abyss:7  | Lost mutation: Your pliable body absorbs attacks. (AC +2,
                  | EV +2) [Jiyva's grace]
 57307 | Abyss:7  | Gained mutation: You are partially covered in iridescent
                  | scales. (AC +2) [Jiyva's grace]
 57307 | Abyss:7  | Gained mutation: You are mostly covered in iridescent
                  | scales. (AC +4) [Jiyva's grace]
 57307 | Abyss:7  | Gained mutation: You are completely covered in iridescent
                  | scales. (AC +6) [Jiyva's grace]
 57307 | Abyss:7  | Gained mutation: You are covered in slimy tendrils that may
                  | disarm your opponents. [Jiyva's grace]
 57333 | Abyss:7  | Reached skill level 5 in Stealth
 57341 | Abyss:7  | Found a corrupted altar of Lugonu.
 57365 | Abyss:7  | Gained mutation: Your body sometimes deteriorates upon
                  | taking damage. [a cacodemon]
 57491 | Depths:3 | Escaped the Abyss
 57631 | Depths:3 | Voluntarily entered the Abyss.
 57631 | Abyss:7  | Entered Level 7 of the Abyss
 57691 | Abyss:7  | Gained mutation: Potions are less effective at restoring
                  | your health. [a neqoxec]
 57736 | Abyss:7  | Paralysed by accursed screaming for 2 turns
 57737 | Abyss:7  | Reached skill level 5 in Air Magic
 57751 | Abyss:7  | HP: 11/245 [starcursed mass/accursed screaming (14)]
 57769 | Depths:3 | Escaped the Abyss
 58276 | Orc:2    | Bought a fine plate armour for 756 gold pieces
 58276 | Orc:2    | Identified the +0 plate armour of the Dungeon {rElec rF+
                  | Str-2} (You bought it in a shop on level 2 of the Orcish
                  | Mines)
 58609 | Vaults:5 | Bought the +3 warlock's mirror {omnireflect} for 1440 gold
                  | pieces
 58609 | Vaults:5 | Found the +3 warlock's mirror {omnireflect}
 58810 | Tomb:1   | Entered Level 1 of the Tomb of the Ancients
 59135 | Tomb:1   | Noticed Mennas
 59202 | Tomb:1   | Killed Mennas
 59403 | Tomb:1   | Noticed a royal mummy
 59434 | Tomb:1   | Killed a royal mummy
 60422 | Depths:3 | Voluntarily entered the Abyss.
 60422 | Abyss:7  | Entered Level 7 of the Abyss
 60496 | Depths:3 | Escaped the Abyss
 60699 | Depths:1 | Voluntarily entered the Abyss.
 60699 | Abyss:7  | Entered Level 7 of the Abyss
 60712 | Abyss:7  | Found a corrupted altar of Lugonu.
 60718 | Depths:1 | Escaped the Abyss
 61536 | Coc:1    | Entered Level 1 of Cocytus
 62656 | Coc:1    | Lost intelligence.
 64161 | Elf:3    | Reached skill level 10 in Spellcasting
 64823 | Depths:3 | Killed an ancient lich
 64824 | Depths:3 | Reached skill level 10 in Stealth
 64863 | Depths:3 | Killed Mihuozyi's ghost
 65648 | Tomb:1   | Identified the storm talisman "Qubreos" {Str+3 Dex+4}
 66340 | Tar:1    | Entered Level 1 of Tartarus
 66387 | Tar:1    | HP: 10/238 [putrid mouth[a doom hound] (11)]
 66830 | Tar:2    | Lost mutation: You are completely covered in iridescent
                  | scales. (AC +6) [Jiyva's grace]
 66830 | Tar:2    | Lost mutation: You have supernaturally acute eyesight.
                  | (SInv) [Jiyva's grace]
 66830 | Tar:2    | Lost mutation: Your magical capacity is low. (-10% MP)
                  | [Jiyva's grace]
 66830 | Tar:2    | Lost mutation: Your rubbery body absorbs attacks. (AC +1,
                  | EV +1) [Jiyva's grace]
 66830 | Tar:2    | Lost mutation: You occasionally lose the ability to drink
                  | potions when taking damage. [Jiyva's grace]
 66830 | Tar:2    | Gained mutation: You have acidic saliva. [Jiyva's grace]
 66830 | Tar:2    | Gained mutation: You expend magic power (3 MP) to
                  | strengthen your wands. [Jiyva's grace]
 66830 | Tar:2    | Gained mutation: Your spells are a little harder to cast,
                  | but a little more powerful. [Jiyva's grace]
 66830 | Tar:2    | Gained mutation: Your spells are harder to cast, but more
                  | powerful. [Jiyva's grace]
 66878 | Tar:2    | HP: 9/265 [tainted leviathan (23)]
 66878 | Tar:2    | Slain by a tainted leviathan

Illustrated notes

Levels and vault maps discovered:
D:1:      mrwooster_arrival_statue_2, layout_loops_corners,
          chequers_mini_garden, minmay_misc_feat_rows, hangedman_decor_lopped,
          dreamdust_wishing_well, minmay_vboxes
D:2:      layout_basic, basic_altar, minmay_heptomino_l4
D:3:      layout_basic, zin_purify, nicolae_wu_jian_glorious_leap,
          hellmonk_ecumenical_altar_watching_god, uniq_robin
D:4:      layout_basic, mainiacjoe_overflow_boulevard, kennysheep_mini,
          uniq_pikel, uniq_sigmund
D:5:      layout_loops_corners, mainiacjoe_overflow_surrounded_room,
          nicolae_elyvilon_temple_path, serial_shops, shop,
          nicolae_shop_tiny_statue_garden, shop_fountains, nicolae_diamond_shop
D:6:      layout_cave_pods, mainiacjoe_overflow_large_starburst,
          minmay_temple_entry_drinking_statues, serial_glass, glass_columns_a,
          glass_columns_a, ebering_ghost_xom, uniq_crazy_yiuf_cottage
D:7:      layout_rooms, lemuel_round_altar, nicolae_tso_carved_into_rock,
          lightli_corner_chamber, uniq_duvessa
D:8:      gammafunk_wand_slinger, layout_loops_ring, ashenzari_altar_1,
          minmay_lair_entry_grove, grunt_decor_arrowhead, patterned_corridor
D:9:      layout_loops_ring, general_overflow_altar,
          mainiacjoe_overflow_small_starburst, grunt_gozag_statues,
          kennysheep_orc_monster_closet_entryway, minmay_evil_grid, uniq_joseph
D:10:     layout_gridville, kennysheep_mini_moat, kennysheep_vampire_church,
          uniq_harold, uniq_maurice, uniq_josephine
D:11:     layout_stronghold, nrook_guardian_serpent_ordinary
D:12:     layout_roguey
D:13:     minmay_concentric_multi, layout_basic, ximxim_vaults_locker_room
D:14:     hangedman_cross_veins, layout_layer_cave
D:15:     grunt_enter_depths_hoard, layout_rooms, st_stairs_1
Temple:   nicolae_temple_panitentiary
Lair:1:   layout_roguey, beast_lair_carwin_6
Lair:2:   layout_big_grid, minmay_swamp_entry_reptiles,
          nicolae_spider_entry_non_spiders, hellmonk_talismancer,
          lemuel_fruit_fields
Lair:3:   layout_long_grid, beast_lair_carwin_8
Lair:4:   cheibrodos_lair_overgrown_chateau, layout_small_grid, slime_entry_1,
          minivault_23, serial_bayou_shore_b, uniq_nessos
Lair:5:   wormcave, layout_hall_layers, hangedman_lair_tendril_chambers
Swamp:1:  layout_basic_swamp, evilmike_swamp_ruin_rubble_2, swamp_pool_3,
          nicolae_swamp_tree_isthmus
Swamp:2:  layout_falls_marsh, nicolae_swamp_round_clearing, swamp_pool_4,
          infiniplex_staircase_pool_2
Swamp:3:  layout_basic_swamp, evilmike_swamp_ruin_house_6, swamp_pool_1_2,
          nicolae_swamp_oxbows, hangedman_swamp_lotus, nicolae_swamp_treefoil,
          nzn_swamp_stair_ambush
Swamp:4:  swamp_vile, layout_basic_swamp, portal_ice_cave_entry_frozen_things,
          nicolae_swamp_decorative_isthmus, infiniplex_staircase_pool,
          uniq_mara, uniq_mlioglotl
Spider:1: layout_chambers, uniq_aizul
Spider:2: layout_chambers, uniq_jorgrun, uniq_kirke, uniq_arachne, uniq_roxanne
Spider:3: layout_spider_delve, gammafunk_ghost_split, drop_trap
Spider:4: spider_rune_water, uniq_agnes
Slime:1:  layout_caves
Slime:2:  layout_caves
Slime:3:  layout_caves, nicolae_slime_round_cave
Slime:4:  layout_caves
Slime:5:  slime_pit_nicolae_inversion, uniq_dissolution
Orc:1:    layout_diamond_mine, uniq_fannar
Orc:2:    st_orc_congregation, layout_caves, serial_shops, nicolae_diamond_shop,
          nicolae_orc_damp_corner
Elf:1:    minmay_elf_arrival_circle, layout_geoelf_diagonals,
          minmay_elf_demonology, nicolae_elf_free_trip_to_the_abyss, uniq_donald
Elf:2:    elven_hall_of_blades_hangedman_alternative
          [nicolae_blade_entry_floor_patterns], layout_geoelf_diagonals,
          gammafunk_ghost_arena
Elf:3:    minmay_elf_hall_quartered_circle, layout_geoelf_diagonals,
          lemuel_statue_altar, grunt_megastairs_5
Vaults:1: v_rooms_4, v_misc_31, nicolae_vaults_doubleplus_tesselated,
          nicolae_vaults_network_quincunx
          [nicolae_vaults_network_quincunx_subvault,
          nicolae_vaults_network_quincunx_subvault,
          nicolae_vaults_network_quincunx_subvault,
          nicolae_vaults_network_quincunx_subvault,
          nicolae_vaults_network_quincunx_subvault],
          nicolae_vaults_trapezoid_layered, v_misc_15,
          nicolae_vaults_weapon_check, nicolae_vaults_more_shelving_2,
          nicolae_vaults_tangram_2, nicolae_vaults_tetromino_Z_1,
          layout_vaults_chaotic_city, serial_shops,
          nicolae_shop_just_a_little_nook, uniq_saint_roka
Vaults:2: gammafunk_ghost_grave, ontoclasm_vaults_shuriken,
          nicolae_vaults_diamond_1, nicolae_vaults_triangles,
          hangedman_vaults_cutoff, nicolae_vaults_house_2,
          nicolae_vaults_little_ls, nicolae_vaults_diamond_2,
          nicolae_vaults_yaktaur_gun_rack, layout_vaults_omnigrid, serial_shops,
          shop, nicolae_shop_statue_plus, nicolae_shop_back_alley_shop,
          nicolae_shop_mannequins
Vaults:3: minmay_crypt_entry_necro_gods, v_misc_22,
          nicolae_vaults_ellipses_ellipsis, nicolae_vaults_shrinking_rooms_2,
          v_pattern_2, nicolae_vaults_heart-shaped_vault,
          nicolae_vaults_surprise_closet, vaults_dpeg_emergency_exit,
          nicolae_vaults_trapezoid_layered, nicolae_vaults_storage_closets_2,
          vaults_dpeg_doors, nicolae_vaults_tetromino_L_2,
          nicolae_vaults_layer_cake_slice, layout_vaults_omnibox, serial_shops,
          nicolae_shop_just_a_little_nook, uniq_asterion
Vaults:4: infiniplex_enter_wizlab_spiral, nicolae_vaults_network_barrier,
          vaults_standard_mumra_x, v_misc_27, dpeg_vaults_hating_casters,
          ontoclasm_vaults_fault, hangedman_vaults_variations,
          nicolae_vaults_offset_grid_hallway_2, nicolae_vaults_trapezoid_2,
          nicolae_vaults_circle_grid_a, vaults_mumra_minichess_inversion,
          nicolae_vaults_gold_heap, layout_vaults_maze, uniq_xtahua
Vaults:5: serial_shops
Crypt:1:  layout_basic, basic_altar, hex_large
Crypt:2:  layout_gridlike, gammafunk_ghost_fury_of_okawaru,
          amcnicky_mini_pool_small
Crypt:3:  david_glass_crypt, layout_chaotic_city,
          nicolae_tomb_entry_rubble_hallway, st_stairs_5, grunt_megastairs_4,
          uniq_khufu
Tomb:1:   uniq_mennas
Depths:1: layout_big_octagon, minmay_misc_feat_enclosed,
          abyss_entry_small_statue_room, hell_entry,
          minmay_guarded_unrand_tortoise, uniq_enchantress
Depths:2: hangedman_stitches_corridor, layout_cave_shapes,
          grunt_decor_one_mirror, pf_hell_entry_tar_spiral,
          rand_demon_pan_entry_7, firewood_loft
Depths:3: grated_community_mu [grated_community_mu_vampire_home,
          grated_community_mu_giant_home, grated_community_mu_spellcaster_home,
          grated_community_mu_orcish_home, grated_community_mu_troll_home,
          grated_community_mu_taur_home, grated_community_mu_unbuilt_plot],
          layout_basic, muffindrake_ghost_dual_entry, hell_entry,
          abyss_entry_glasseish
Depths:4: lemuel_castle_with_subvaults [lemuel_castle_interior_original],
          layout_cave_pools, enter_ziggurat_c, nemelex_lonely_heart_becter,
          hell_entry
Hell
Dis:1:    layout_jigsaw, minmay_strange_pillars
Dis:2:    layout_subdivisions
Dis:3:    layout_subdivisions
Dis:4:    layout_gridville, nicolae_hells_seeping_fissure
Coc:1:    layout_cocytus_water_paths
Coc:2:    layout_ice_bergs, nicolae_hells_seeping_fissure
Coc:3:    layout_ice_bergs
Coc:4:    layout_cocytus_water_paths
Tar:1:    layout_grid_maze, nicolae_tar_honey_chapel
Tar:2:    layout_cathedral_of_symmetry

Skill      XL: |  1  2  3  4  5  6  7  8  9 10 11 12 13 14 15 16 17 18 19 20 21 22 23 24 25 26 27 |
---------------+----------------------------------------------------------------------------------+-----
Fighting       | 4 5 6 7 9 10 12 13 14 15 16 17 18 19 20 21 22 23 24 25 26 27 | 27.0
Axes           | 4 5 6 7 9 10 12 13 14 15 16 17 18 20 21 23 24 25 26 27 | 27.0
Armour         | 1 2 3 4 5 6 8 10 11 12 14 15 16 17 18 19 20 21 22 23 24 26 27 | 27.0
Dodging        | 4 5 6 7 8 9 11 12 13 14 15 16 17 18 19 20 21 22 23 24 25 27 | 27.0
Shields        | 3 6 8 10 12 13 15 16 17 18 19 20 21 22 24 25 27 | 27.0
Earth Magic    | 4 8 |  8.5
Spellcasting   | 3 10 | 10.6
Transmutations | 5 |  5.9
Translocations | 5 |  5.6
Stealth        | 11 | 11.1
Air Magic      | 8 |  8.4

Action                     |  1- 3 |  4- 6 |  7- 9 | 10-12 | 13-15 | 16-18 | 19-21 | 22-24 | 25-27 || total
---------------------------+-------+-------+-------+-------+-------+-------+-------+-------+-------++-------
  Melee: Hand axe          |    82 |    95 |   229 |   159 |       |       |       |       |       ||   565
         Headbutt          |    14 |    21 |    73 |   118 |   200 |   328 |   304 |   405 |  1156 ||  2619
         Bite              |       |       |    13 |    69 |   117 |   182 |   140 |   195 |   130 ||   846
         Broad axe         |       |       |       |   192 |   838 |  1096 |  1003 |  1174 |  3373 ||  7676
         Battleaxe         |       |       |       |    21 |       |       |       |       |       ||    21
         Pseudopods        |       |       |       |       |       |   187 |   129 |   372 |   202 ||   890
         Kick              |       |       |       |       |       |    62 |   223 |   354 |   504 ||  1143
   Cast: Passwall          |       |       |       |       |       |       |       |       |     2 ||     2
         Blink             |       |       |       |       |       |       |       |       |     6 ||     6
         Wereblood         |       |       |       |       |       |       |       |       |     3 ||     3
    Use: Potion            |       |     1 |       |       |       |     1 |       |       |    21 ||    23
         Scroll            |       |       |     4 |    15 |     6 |     5 |     6 |     3 |    10 ||    49
   Stab: Confused          |       |       |       |     4 |    30 |    52 |    15 |    23 |     8 ||   132
         Held in net/web   |       |       |       |       |       |     1 |       |       |       ||     1
         Distracted        |       |       |       |       |       |     2 |       |       |     1 ||     3
         Petrifying        |       |       |       |       |       |     2 |       |       |       ||     2
         Paralysed         |       |       |       |       |       |       |       |       |     4 ||     4
         Petrified         |       |       |       |       |       |       |       |       |     2 ||     2
 Armour: Robe              |     7 |       |       |       |       |       |       |       |       ||     7
         Plate armour      |    59 |    72 |   165 |       |       |       |       |       |  1288 ||  1584
         Chain mail        |       |       |    25 |   256 |   457 |   442 |   353 |   585 |   602 ||  2720
  Dodge: Dodged            |    34 |    29 |    81 |   210 |   510 |   749 |   529 |   588 |  2099 ||  4829
  Block: Kite shield       |       |       |       |    67 |   557 |   743 |   618 |   710 |  1997 ||  4692
         Buckler           |       |       |       |     3 |       |       |       |       |   529 ||   532
         Reflection        |       |       |       |       |       |       |       |       |    28 ||    28

Table legend: (Time is in decaauts)
 A = Elapsed time spent in this place.
 B = Non-inter-level travel time spent in this place.
 C = Inter-level travel time spent in this place.
 D = Time resting spent in this place.
 E = Time spent auto-exploring this place.
 F = Levels seen in this place.
 G = Mean time per level.
                   A        B        C        D        E       F      G
               +--------+--------+--------+--------+--------+-----+--------+
         Total |  67440 |  52275 |  15165 |   4294 |  32873 |  83 |  812.5 |
       Dungeon |  17656 |  11540 |   6116 |    210 |   9106 |  15 | 1177.1 |
        Temple |     31 |     31 |      0 |      0 |      0 |   1 |   31.0 |
          Lair |   4647 |   4063 |    584 |    169 |   2875 |   5 |  929.4 |
         Swamp |   2598 |   2426 |    172 |     36 |   1801 |   4 |  649.5 |
   Spider Nest |   4083 |   3765 |    318 |    202 |   2651 |   4 | 1020.8 |
    Slime Pits |   1252 |   1140 |    112 |      0 |   1098 |   5 |  250.4 |
  Orcish Mines |   1966 |   1321 |    645 |      0 |    933 |   2 |  983.0 |
   Elven Halls |   3485 |   2926 |    559 |    307 |   1797 |   3 | 1161.7 |
        Vaults |   6568 |   5106 |   1462 |     47 |   3807 |   5 | 1313.6 |
         Crypt |   3387 |   2589 |    798 |    140 |   1773 |   3 | 1129.0 |
          Tomb |   1619 |   1258 |    361 |    235 |    213 |   1 | 1619.0 |
        Depths |  10081 |   6533 |   3548 |   1450 |   3524 |   4 | 2520.2 |
          Hell |   1811 |   1528 |    283 |    882 |    359 |   1 | 1811.0 |
           Dis |   1200 |   1111 |     89 |    488 |    333 |   4 |  300.0 |
       Cocytus |    915 |    812 |    103 |      0 |    536 |   4 |  228.8 |
      Tartarus |    361 |    354 |      7 |      0 |    207 |   2 |  180.5 |
         Abyss |   4664 |   4664 |      0 |    127 |   1386 |  18 |  259.1 |
      Ice Cave |    803 |    803 |      0 |      0 |    351 |   1 |  803.0 |
        Wizlab |    305 |    305 |      0 |      0 |    120 |   1 |  305.0 |
               +--------+--------+--------+--------+--------+-----+--------+

Top non-repeatable levels by time:
Depths:3: 3406 daAuts
Depths:2: 2958 daAuts
Depths:1: 2569 daAuts
 Abyss:5: 2015 daAuts
    D:14: 1967 daAuts
    Hell: 1811 daAuts
  Tomb:1: 1619 daAuts
Vaults:2: 1558 daAuts
Vaults:1: 1556 daAuts
    D:15: 1548 daAuts
   Elf:3: 1451 daAuts
 Crypt:3: 1376 daAuts
     D:9: 1354 daAuts
Vaults:3: 1319 daAuts
     D:8: 1298 daAuts
